 Dungeon Crawl Stone Soup version 0.23-a0-767-gdc19b93d68 (webtiles) character file.

16268821 DEFE the Demonic Porcupine (level 27, 249/249 HPs)
             Began as a Demonspawn Monk on Jan 22, 2019.
             Was a High Priest of Trog.
             Escaped with the Orb
             ... and 15 runes on Jan 24, 2019!
             The game lasted 03:28:06 (95971 turns).

DEFE the Demonic Porcupine (Demonspawn Monk)       Turns: 95971, Time: 03:28:07

Health: 249/249    AC: 40    Str: 39    XL:     27
Magic:  30/30      EV: 33    Int: 11    God:    Trog [*****.]
Gold:   7784       SH:  0    Dex: 21    Spells: 26/26 levels left

rFire    + + +     SeeInvis +   M - +5 scythe "Finisher" {speed, eviscerate}
rCold    + + +     Gourm    .   (shield currently unavailable)
rNeg     + + .     Faith    .   K - +12 gold dragon scales
rPois    +         Spirit   +   F - +0 hat of Puno {Regen+ Str+5}
rElec    +         Reflect  .   U - scarf {rC+ rF+}
rCorr    .         Harm     .   G - +0 pair of gloves
MR       +++..     Rnd*Rage +   (boots unavailable)
Stlth    ..........             B - amulet "Uqomeali" {+Rage rC+ rN++ MP-9 Int-2}
HPRegen  0.91/turn              X - ring of Sounir {Str+10 Dex+2}
MPRegen  0.44/turn              m - ring "Osutwiz" {rPois rF+ Str+4 SInv}

@: repel missiles
A: hooves 3, repulsion field 3, agile 1, berserk 2, blink, demonic guardian 3,
fire resistance 1, hurl damnation, magic resistance 1, sense surroundings 1,
screaming 1, electricity resistance, weak 1, magic shield, magic regeneration,
magic link, flame cloud immunity
0: Orb of Zot
}: 15/15 runes: serpentine, barnacled, slimy, silver, golden, iron, obsidian,
icy, bone, abyssal, demonic, glowing, magical, fiery, dark
a: Hurl Damnation, Blink, Berserk, Trog's Hand, Brothers in Arms, Renounce
Religion, Evoke Berserk Rage


You escaped.
You worshipped Trog.
Trog was extremely pleased with you.
You were not hungry.

You visited 17 branches of the dungeon, and saw 88 of its levels.
You visited Pandemonium 1 time, and saw 14 of its levels.
You visited the Abyss 1 time.
You also visited: Trove.

You collected 10299 gold pieces.
You spent 2515 gold pieces at shops.

Inventory:

Hand Weapons
 a - a +9 antimagic bardiche
 M - the +5 scythe "Finisher" (weapon) {speed, eviscerate}
   (You found it on level 3 of the Crypt)

   Attacks with this weapon are significantly faster.
Armour
 w - the +1 helmet "Atizxaow" {rElec Str+3}
   (You found it on level 15 of the Dungeon)

   It affects your strength (+3).
   It insulates you from electricity.
 F - the +0 hat of Puno (worn) {Regen+ Str+5}
   (You acquired it in Pandemonium)

   It affects your strength (+5).
   It increases your rate of regeneration.
 G - a +0 pair of gloves (worn)
 H - the -4 hat of the Monkey {rC+ rCorr SInv}
   (You found it on level 1 of the Shoals)

   It protects you from cold.
   It lets you see invisible.
   It provides partial protection from all sources of acid and corrosion.
 K - +12 gold dragon scales (worn)
 Q - a +2 cloak of magic resistance
 U - a scarf of resistance (worn)
Jewellery
 b - the amulet "Antou" {Reflect rElec MR++ Slay+3 SH+4 Stlth-}
   (You found it on level 4 of the Realm of Zot)

   [amulet of reflection]

   It shields you and reflects attacks.
   It affects your accuracy and damage with ranged weapons and melee attacks
   (+3).
   It insulates you from electricity.
   It affects your resistance to hostile enchantments.
   It affects your SH (+4).
   It makes you less stealthy.
 m - the ring "Osutwiz" (right hand) {rPois rF+ Str+4 SInv}
   (You found it on level 14 of the Dungeon)

   [ring of see invisible]

   It affects your strength (+4).
   It protects you from fire.
   It protects you from poison.
   It lets you see invisible.
 v - an uncursed amulet of regeneration
 B - the amulet "Uqomeali" (around neck) {+Rage rC+ rN++ MP-9 Int-2}
   (You found it in a treasure trove)

   [amulet of rage]

   It affects your intelligence (-2).
   It protects you from cold.
   It greatly protects you from negative energy.
   It affects your magic capacity (-9).
   It lets you go berserk.
 V - the ring "Ryocoef" {+Fly rC+ Str+3 Dex+4 Slay+3}
   (You found it on level 3 of the Crypt)

   [ring of strength]

   It affects your strength (+3).
   It affects your dexterity (+4).
   It affects your accuracy and damage with ranged weapons and melee attacks
   (+3).
   It protects you from cold.
   It lets you fly.
 X - the ring of Sounir (left hand) {Str+10 Dex+2}
   (You found it in a treasure trove)

   [ring of dexterity]

   It affects your strength (+10).
   It affects your dexterity (+2).
 Y - the amulet "Ackotz" {Reflect rElec rN+ Int+3 Dex+3 SH+4}
   (You found it in a treasure trove)

   [amulet of reflection]

   It shields you and reflects attacks.
   It affects your intelligence (+3).
   It affects your dexterity (+3).
   It insulates you from electricity.
   It protects you from negative energy.
   It affects your SH (+4).
Wands
 f - a wand of acid (82)
 j - a wand of clouds (19)
 r - a wand of digging (9)
 s - a wand of enslavement (18)
 J - a wand of iceblast (47)
 P - a wand of scattershot (15)
 T - a wand of flame (45)
 W - a wand of paralysis (6)
Scrolls
 h - 42 scrolls of remove curse
 i - 6 scrolls of blinking
 k - a scroll of brand weapon
 l - 15 scrolls of teleportation
 o - 8 scrolls of silence
 y - 9 scrolls of fear
 z - 7 scrolls of fog
 C - 8 scrolls of immolation
 I - 11 scrolls of identify
 Z - 4 scrolls of holy word
Potions
 g - 18 potions of curing
 n - 12 potions of heal wounds
 p - 2 potions of brilliance
 q - 3 potions of berserk rage
 t - a potion of haste
 x - 17 potions of flight
 A - 10 potions of lignification
 E - 5 potions of mutation
 L - a potion of cancellation
 N - 7 potions of ambrosia
 O - 5 potions of magic
 R - 7 potions of invisibility
 S - 2 potions of resistance
Miscellaneous
 d - 4 boxes of beasts
 e - a lamp of fire
 u - a figurine of a ziggurat
Comestibles
 c - 16 rations


   Skills:
 O Level 27 Fighting
 O Level 27 Polearms
 O Level 27 Armour
 O Level 27 Dodging
 - Level 1.9 Stealth
 + Level 24.6 Evocations


You had 26 spell levels left.
You didn't know any spells.
Your spell library was empty.

Dungeon Overview and Level Annotations

Branches:
Dungeon (15/15)            Temple (0/1) D:7            Lair (6/6) D:11
 Shoals (4/4) Lair:2        Snake (4/4) Lair:2        Slime (5/5) Lair:6
    Orc (2/2) D:10            Elf (3/3) Orc:2        Vaults (5/5) D:14
  Crypt (3/3) Vaults:3       Tomb (3/3) Crypt:3      Depths (5/5) D:15
   Hell (1/1)                 Dis (7/7) Hell            Geh (7/7) Hell
    Coc (7/7) Hell            Tar (7/7) Hell            Zot (5/5) Depths:5

Altars:
Ashenzari
Gozag
Hepliaklqana
Kikubaaqudgha
Qazlal
Ru
Trog
Vehumet
Wu Jian
Xom
Yredelemnul
Zin
The Shining One
Jiyva
Lugonu

Shops:
D:9 [   D:10 }(   D:13 [   D:15 ([*[   Orc:2 }:::   Elf:2 =**(   Elf:3 *
Shoals:1 }   Shoals:3 (   Snake:3 =(}   Snake:4 (   Depths:2 }}=

Portals:
Hell: Depths:1 Depths:2 Depths:3 Depths:4 Depths:5
Abyss: Depths:4 Depths:5
Pandemonium: Depths:1 Depths:3 Depths:5
Ziggurat: Depths:5

Annotations:
D:9 2 transporters
D:12 exclusion: obsidian statue
Lair:2 exclusion: oklob plant
Elf:2 5 runed doors
Tar:6 4 runed doors


Innate Abilities, Weirdness & Mutations

You have hooves in place of feet.
You are surrounded by a strong repulsion field. (EV +4, RMsl)
A powerful demonic guardian rushes to your aid.
Your flesh is heat resistant. (rF+)
You can hurl damnation.
When hurt, damage is shared between your health and your magic reserves.
You regenerate magic rapidly.
When low on magic, you restore magic in place of health.
You are immune to clouds of flame.
You are agile. (Dex +2)
You often lose your temper in combat.
You can translocate small distances at will.
You are resistant to hostile enchantments. (MR+)
You passively map a small area around you.
You occasionally shout uncontrollably at your foes.
You are resistant to electric shocks. (rElec)
You are weak. (Str -2)


Message History

The blast of flame hits the hell hound.
The hell hound completely resists.
The blast of flame misses you.
You slice the hell hound!!
You kill the hell hound!
Trog accepts your kill.
Attack whom?
Aim: a hell hound (catching its breath)
You reach to attack!
You closely miss the hell hound. You slash the hell hound!
You blow up the hell hound!
Trog accepts your kill.
No target in view!
You see here a hell hound corpse.
There is a stone staircase leading up, spattered with blood here.
You climb upwards.
There is a stone staircase leading down here.
There is an escape hatch in the ceiling here.
A mysterious force pulls you upwards. The hatch slams shut behind you.
There is a staircase leading out of the dungeon here.
You have escaped!

##.#...#)#...#.#....#...#####.##.
#.###.###.###.###..#...#......##
##...#.....#.....#..#...#.##.....
...###.###.#.###.#..#...#........
...#...#.#.#.#.#.#..######.......
...#####.#.###.###...............
.........#..........#.#..........
...#####.#.###.###..#.#.##.#####.
...#...#.#.#.#.#@#..#.#.##.......
.#.###.###.#.###.#.)#.#.########.
.#...#.....#.....#..#.#..........
.#.###.###.###.###..#.###########
.#.#...#.#...#.#....#........#...
.#.#####.#####.###..########.#.#.
.#..................########)#...
.########.#..######.....)(.......
.# #........##############...##


There were no monsters in sight!

Vanquished Creatures
  Cerebov (Pan)
  Asmodeus (Geh:7)
  Antaeus (Coc:7)
  the Royal Jelly (Slime:5)
  11 pandemonium lords
  Ereshkigal (Tar:7)
  Gloorx Vloq (Pan)
  Ignacio (Pan)
  Mnoleg (Pan)
  Lom Lobon (Pan)
  the Serpent of Hell (Tar:7)
  Dispater (Dis:7)
  3 orbs of fire (Zot:5)
  The ghost of Tinylith the Axe Maniac, a legendary HOFi of Zin (Zot:5)
  The ghost of kroki the Conqueror, a legendary MiFi of Okawaru (Zot:5)
  The ghost of Shaidar the Hoplite, a legendary MiBe of Trog (Zot:5)
  9 ancient liches
  Mennas (Pan)
  The ghost of Bodineur the Ruinous, a veteran DsCj of Dithmenos (Crypt:2)
  The ghost of guttsta the Executioner, a veteran DDFi of Makhleb (Depths:5)
  The ghost of guttsta the Executioner, a veteran DDFi of Makhleb (Depths:5)
  Boris (Depths:3)
  10 greater mummies
  The ghost of Nuatecoo the Warrior, a veteran GrFi of the Shining One (Crypt:1)
  The ghost of Hom Ynerri the Warrior, a veteran GrFi of the Shining One (Crypt:2)
  The ghost of Nuatecoo the Warrior, a veteran GrFi of the Shining One (Crypt:2)
  5 shard shrikes
  Saint Roka (Elf:2)
  6 Killer Klowns (Zot:5)
  Frederick (Depths:3)
  Margery (Depths:3)
  Geryon (Hell)
  3 curse toes
  Xtahua (Vaults:5)
  A caustic shrike (Depths:4)
  10 golden dragons
  Nikola (Elf:3)
  9 bone dragons
  24 Tzitzimimeh
  8 doom hounds
  7 iron giants
  2 electric golems (Zot:5)
  15 Brimstone Fiends
  12 Hell Sentinels
  17 tentacled monstrosities
  9 Ice Fiends
  27 Orb Guardians
  14 liches
  A deep elf master archer (Elf:3)
  A deep elf blademaster (Elf:3)
  11 titans
  2 krakens
  Murray (Hell)
  6 quicksilver dragons
  7 tentacled starspawn
  30 Executioners
  10 sphinxes
  14 ancient champions
  7 death cobs
  Agnes (Snake:2)
  14 acid blobs
  Polyphemus (Shoals:2)
  10 storm dragons
  6 tengu reavers
  17 shadow dragons
  5 warmongers (Pan)
  Ilsuiw (Shoals:2)
  17 fire giants
  6 nagarajas
  8 draconian monks
  7 revenants
  9 frost giants
  4 azure jellies
  3 draconian knights
  10 iron dragons
  3 draconian scorchers
  3 ghost moths
  19 vault wardens
  A fire giant (shapeshifter) (Vaults:5)
  The ghost of Flugkiller the Martial Artist, a journeyman HuTm of Okawaru (D:15)
  36 balrugs
  5 curse skulls
  8 deep elf sorcerers
  2 draconian shifters
  The ghost of SnubMonkey the Slinger, a journeyman GnHu of Qazlal (D:15)
  5 draconian stormcallers
  An orc warlord (Orc:1)
  3 deep elf elementalists
  52 reapers
  16 cacodemons
  A spriggan defender (Depths:4)
  30 very ugly things
  13 war gargoyles
  5 draconian annihilators
  15 ironheart preservers
  5 black suns (Pan)
  17 vampire knights
  2 blood saints (Pan)
  19 stone giants
  7 deep elf demonologists
  13 yellow draconians
  4 entropy weavers
  6 corrupters (Pan)
  3 lorocyprocas (Pan)
  Azrael (Lair:2)
  4 bennus (Tomb:3)
  6 green draconians
  11 white draconians
  8 black draconians
  9 red draconians
  9 deep elf annihilators
  9 purple draconians
  2 spark wasps (Depths:3)
  12 green deaths
  An eidolon (Crypt:1)
  6 merfolk javelineers
  12 blizzard demons
  A crystal guardian (Vaults:3)
  4 death oozes (Slime:5)
  5 fire dragons
  7 deep elf death magi
  8 ettins
  18 mummy priests
  12 jiangshi
  15 rakshasas
  5 deep elf high priests
  15 ogre magi
  4 merfolk impalers
  9 naga warriors
  9 quicksilver dragon zombies
  11 yaktaur captains
  A kraken zombie (Hell)
  5 quicksilver dragon skeletons
  9 great orbs of eyes
  39 vault guards
  4 hell beasts
  4 catoblepae
  2 merfolk avatars
  12 centaur warriors
  A shambling mangrove (Abyss:3)
  2 hydras
  3 anacondas
  11 ice dragons
  3 spriggan air magi
  15 dancing weapons
  4 monstrous demonspawn (Pan)
  4 alligator snapping turtles
  8 merfolk aquamancers
  8 death yaks
  3 ghost crabs
  2 satyrs (Shoals:4)
  2 death knights
  37 two-headed ogres
  6 deep troll shamans
  13 hell hogs
  66 death scarabs
  5 tengu warriors
  10 naga sharpshooters
  14 vampire magi
  3 thrashing horrors
  3 deep troll earth magi
  6 shock serpents
  8 storm dragon zombies
  19 hell knights
  5 spriggan berserkers
  9 iron golems
  Sonja (Lair:6)
  72 sun demons
  A titan skeleton (Tar:3)
  24 deep elf knights
  3 titan zombies
  40 soul eaters
  12 iron trolls
  65 skeletal warriors
  A fire crab (shapeshifter) (Vaults:2)
  8 golden dragon zombies
  2 fire crabs (Abyss:3)
  9 wretched stars
  24 sea snakes
  6 anaconda zombies
  11 shadow wraiths
  11 sixfirhies
  2 ghost moth zombies
  18 deep trolls
  4 spatial maelstroms
  7 flayed ghosts
  A storm dragon skeleton (Tar:6)
  5 unseen horrors
  A salamander mystic (Snake:4)
  9 glowing orange brains
  23 shadow demons
  A cherub (Pan)
  3 infernal demonspawn
  4 naga ritualists
  10 wizards
  9 gelid demonspawn
  3 torturous demonspawn
  3 shadow dragon zombies
  15 phantasmal warriors
  3 golden dragon skeletons
  14 ironbrand convokers
  8 necromancers
  A lindwurm (shapeshifter) (Depths:3)
  22 deep elf archers
  6 wolf spiders
  Pikel (D:5)
  An orange crystal statue (Zot:4)
  14 harpies
  4 lindwurms (Lair:6)
  5 iron dragon zombies
  5 orc sorcerers
  4 anaconda skeletons
  16 orc knights
  2 wolf spider zombies
  7 mana vipers
  4 fire giant zombies
  48 deep elf magi
  3 frost giant zombies
  6 stone giant zombies
  A shadow dragon skeleton (Hell)
  A shining eye (shapeshifter) (Depths:3)
  A cyclops (shapeshifter) (Depths:1)
  7 shining eyes
  46 ugly things
  15 small abominations
  24 moths of wrath
  12 fauns
  7 cyclopes
  A mana viper (shapeshifter) (Depths:4)
  A salamander (shapeshifter) (Depths:3)
  17 manticores
  48 large abominations
  5 salamanders
  6 frost giant skeletons
  2 worldbinders (Abyss:1)
  5 elephants
  11 merfolk sirens
  2 apocalypse crabs
  4 stone giant skeletons
  5 iron dragon skeletons
  2 ice statues (Hell)
  19 naga magi
  3 guardian serpents
  4 dire elephant zombies
  An elephant (shapeshifter) (Depths:5)
  The ghost of LLavrengius the Skirmisher, a novice FoAK of Lugonu (D:5)
  8 fire giant skeletons
  A molten gargoyle (Geh:7)
  17 vault sentinels
  14 orange demons
  25 rust devils
  A torpor snail (Lair:6)
  3 dire elephant skeletons
  9 water nymphs
  31 black mambas
  An eye of devastation (Pan)
  67 smoke demons
  14 spiny frogs
  A catoblepas zombie (Hell)
  3 storm dragon simulacra
  A death yak zombie (Crypt:2)
  A yaktaur (shapeshifter) (Vaults:2)
  2 rime drakes (shapeshifter)
  An anaconda simulacrum (Hell)
  10 efreet
  A kobold demonologist (D:14)
  20 hellions
  A minotaur skeleton (Dis:6)
  5 rime drakes
  2 shock serpent skeletons
  37 yaktaurs
  13 demonic crawlers
  4 komodo dragons
  3 human zombies
  19 ice devils
  8 ancient zymes
  24 hellwings (Pan)
  22 tormentors
  3 tengu conjurers
  8 hydra zombies
  21 freezing wraiths
  A komodo dragon (shapeshifter) (Vaults:1)
  37 red devils
  2 silent spectres
  A jumping spider (shapeshifter) (Vaults:4)
  2 polar bears (Lair:6)
  41 guardian mummies
  A purple draconian skeleton (Crypt:2)
  A harpy zombie (Tar:6)
  33 merfolk
  A shadow dragon simulacrum (Tomb:2)
  A tengu simulacrum (Depths:1)
  7 hornets
  3 harpy skeletons
  26 blink frogs
  27 wind drakes
  7 trolls
  2 ice dragon zombies
  An iron dragon simulacrum (Tomb:3)
  4 alligator zombies
  A sea snake skeleton (Crypt:3)
  16 hippogriffs
  4 raiju
  71 slime creatures
  3 fire dragon zombies
  A death drake skeleton (Crypt:2)
  7 hydra skeletons
  4 dream sheep
  A stone giant simulacrum (Abyss:3)
  5 ettin zombies
  12 snapping turtles
  A fire giant simulacrum (Abyss:3)
  An ettin skeleton (Tar:3)
  13 starcursed masses
  2 frost giant simulacra
  4 redbacks
  33 water elementals
  An ice dragon skeleton (Geh:4)
  Sigmund (D:3)
  An air elemental (Elf:3)
  71 flying skulls
  A satyr skeleton (Crypt:1)
  8 shadows
  A redback (shapeshifter) (Depths:4)
  4 spriggans
  A black mamba skeleton (Geh:4)
  A tarantella (shapeshifter) (Vaults:2)
  A tarantella (Vaults:4)
  8 wyverns
  23 vampires
  26 ynoxinuls
  An alligator skeleton (Tar:5)
  3 black mamba zombies
  3 fire dragon skeletons
  Eustachio (D:4)
  18 ushabtiu
  4 wraiths
  27 fire elementals
  44 yaks
  9 golden eyes
  A hog (Lair:4)
  26 neqoxecs
  16 chaos spawn
  2 hungry ghosts
  A hog (shapeshifter) (Vaults:1)
  17 spatial vortices
  5 wargs
  4 basilisks
  2 vampire mosquitoes (D:12)
  A swamp worm (shapeshifter) (Depths:5)
  A gelid demonspawn zombie (Crypt:3)
  Edmund (D:5)
  A torturous demonspawn zombie (Crypt:1)
  A faun zombie (Crypt:3)
  4 spiny frog zombies
  3 acid dragons
  58 hell hounds
  56 nagas
  A hydra simulacrum (Coc:4)
  17 water moccasins
  A floating eye (Pan)
  6 porcupines
  A hornet zombie (D:12)
  2 spiny frog skeletons
  2 manticore zombies
  37 orc warriors
  2 fire dragon simulacra
  2 black bears
  4 sky beasts
  5 eyes of draining
  45 ogres
  A swamp dragon zombie (Crypt:1)
  7 ice beasts
  2 slaves (D:5)
  2 wolves (Lair:1)
  6 phantoms
  10 necrophages
  2 human skeletons
  A swamp dragon skeleton (Tar:3)
  7 boggarts
  29 centaurs
  3 snapping turtle skeletons
  10 crocodiles
  4 big kobolds
  A wyvern zombie (D:14)
  2 earth elementals
  17 bullfrogs
  A wyvern skeleton (D:14)
  A spriggan zombie (Hell)
  7 scorpions
  2 troll zombies
  3 killer bees (D:13)
  A snapping turtle simulacrum (Tar:4)
  25 wights
  3 electric eels
  2 howler monkeys (D:12)
  A wolf zombie (Crypt:1)
  17 crimson imps
  A hound (D:9)
  3 human simulacra
  5 quasits
  3 centaur zombies
  A soldier ant zombie (Crypt:2)
  A wyvern simulacrum (D:14)
  A bullfrog skeleton (D:13)
  3 jellies
  27 orc priests
  24 orc wizards
  3 centaur skeletons
  22 iron imps
  8 iguanas
  11 worker ants
  A killer bee zombie (D:6)
  2 ogre zombies
  3 naga zombies
  A hound zombie (D:5)
  42 mummies
  A howler monkey zombie (D:5)
  A worker ant zombie (D:8)
  Robin (D:3)
  6 gnolls
  A howler monkey skeleton (Crypt:3)
  15 adders
  18 shadow imps
  6 white imps
  2 ufetubi
  An ooze (D:2)
  A lava snake zombie (Crypt:1)
  3 adder skeletons
  An adder zombie (D:10)
  3 worms
  A dart slug (D:2)
  6 leopard geckos
  117 orcs
  4 giant cockroaches
  4 hobgoblins
  15 jackals
  28 kobolds
  8 quokkas
  4 ball pythons
  8 bats
  A dart slug zombie (Crypt:3)
  3 frilled lizards
  13 goblins
  A kobold skeleton (Coc:3)
  A kobold zombie (Dis:6)
  An orc zombie (Tomb:3)
  A quokka zombie (D:6)
  7 rats
  A rat zombie (Crypt:1)
  A lurking horror (Abyss:2)
  2 plants
  4 starspawn tentacles
  11 tentacles
4119 creatures vanquished.

Vanquished Creatures (collateral kills)
  A juggernaut (Depths:4)
  A greater mummy (Tomb:3)
  The ghost of Rudator the Warrior, a veteran GrFi of the Shining One (Crypt:2)
  The ghost of Jannitor the Warrior, a legendary VSCK of Xom (Depths:5)
  Vashnia (Snake:2)
  Jory (Crypt:3)
  A bone dragon (Tar:1)
  2 doom hounds
  3 tentacled monstrosities
  A lich (D:15)
  2 Tzitzimimeh
  Asterion (Snake:1)
  An Orb Guardian (Zot:5)
  A deep elf blademaster (Elf:3)
  An Executioner (Pan)
  A deep elf master archer (Elf:3)
  The ghost of Rusei the Executioner, an adept MiBe of Trog (Shoals:1)
  3 death cobs
  Kirke (Lair:4)
  A sphinx (Tomb:1)
  2 storm dragons
  A shadow dragon (Tar:1)
  A draconian monk (Zot:4)
  A tengu reaver (Depths:1)
  The ghost of LLavrengius the Warrior, an adept OpFi of Wu Jian (D:15)
  3 nagarajas
  A balrug (Pan)
  6 vault wardens
  A cacodemon (Pan)
  2 deep elf elementalists
  4 ironheart preservers
  An elemental wellspring (Coc:7)
  A war gargoyle (Vaults:5)
  2 reapers
  7 very ugly things
  4 stone giants
  A red draconian (Zot:2)
  2 vampire knights (Crypt:3)
  2 deep elf annihilators (Elf:3)
  3 white draconians
  3 deep elf death magi
  A small abomination (Vaults:5)
  4 jiangshi
  A quicksilver dragon zombie (Hell)
  An eidolon (Crypt:3)
  A yaktaur captain (Vaults:3)
  A rakshasa (Vaults:3)
  A great orb of eyes (Abyss:3)
  2 fire dragons (Depths:2)
  4 naga warriors
  A monstrous demonspawn (Pan)
  4 vault guards
  3 ice dragons
  7 hydras
  A ghost crab (Tar:2)
  8 two-headed ogres
  2 anacondas
  A merfolk aquamancer (Shoals:1)
  3 death yaks (Lair:6)
  5 death scarabs (Tomb:2)
  5 naga sharpshooters
  An orc high priest (Orc:2)
  A shock serpent (Snake:4)
  A soul eater (D:7)
  3 deep elf knights (Vaults:3)
  4 skeletal warriors
  A sea snake (Shoals:1)
  An anaconda zombie (Tar:2)
  A sixfirhy (Pan)
  A naga ritualist (Snake:1)
  5 deep trolls
  A glowing orange brain (Pan)
  2 ironbrand convokers
  A shadow demon (Pan)
  A flayed ghost (Dis:6)
  3 phantasmal warriors
  4 deep elf archers
  4 deep elf magi
  A harpy (Shoals:1)
  A wolf spider zombie (Crypt:2)
  2 necromancers
  3 orc knights
  8 ugly things
  An orc sorcerer (Elf:2)
  2 manticores (Lair:6)
  A moth of wrath (Zot:4)
  A cyclops (Shoals:2)
  A centaur zombie (D:10)
  3 elephants
  A naga mage (Snake:4)
  2 guardian serpents (Snake:4)
  3 vault sentinels
  An apocalypse crab (Abyss:3)
  5 black mambas
  Maurice (D:9)
  2 spiny frogs
  A smoke demon (Pan)
  A hellion (Hell)
  5 yaktaurs
  A komodo dragon (D:11)
  2 freezing wraiths
  2 rime drakes
  A tengu conjurer (Depths:3)
  A guardian mummy (Tomb:2)
  A merfolk (D:10)
  A red devil (Pan)
  4 trolls
  A meliai (shapeshifter) (Depths:2)
  A wind drake (Shoals:1)
  2 hydra zombies
  A slime creature (shapeshifter) (Vaults:5)
  6 slime creatures
  7 blink frogs
  2 hornets (Depths:2)
  10 dream sheep
  3 hippogriffs
  A snapping turtle (Shoals:1)
  2 flying skulls (Tomb:2)
  15 yaks
  2 spriggans (Depths:2)
  3 wyverns
  2 basilisks (Lair:6)
  A water elemental (Coc:7)
  A human (D:10)
  An ushabti (Tomb:3)
  A golden eye (Pan)
  2 chaos spawn (Pan)
  7 nagas
  3 water moccasins
  6 hell hounds
  An ice beast (D:11)
  An orc warrior (Orc:2)
  A spiny frog skeleton (Tar:2)
  A necrophage (D:12)
  An ogre (shapeshifter) (Vaults:5)
  3 boggarts
  8 ogres
  4 wolves (Lair:1)
  A snapping turtle skeleton (Hell)
  2 bullfrogs (Lair:5)
  An electric eel (Elf:3)
  3 wights
  2 crimson imps (Hell)
  A hound (D:5)
  2 orc priests
  2 orc wizards
  2 iron imps
  A worker ant (D:5)
  A mummy (Tomb:3)
  A worm (D:5)
  16 orcs
  A goblin (D:3)
  A bat (D:3)
  A frilled lizard (D:5)
363 creatures vanquished.

Vanquished Creatures (others)
  An eldritch tentacle (Pan)
  A frost giant (Vaults:2)
  An ice dragon (Coc:7)
  A spriggan air mage (Pan)
  A death scarab (Tomb:2)
  A vampire mage (Depths:2)
  A sun demon (Geh:7)
  An unseen horror (Vaults:1)
  A wizard (Depths:1)
  A smoke demon (Pan)
  2 efreet (Geh:7)
  A slime creature (Slime:1)
  A yak (D:14)
  A neqoxec (Pan)
  A naga (Snake:4)
  A porcupine (Lair:4)
  An orc warrior (Vaults:5)
  3 boggarts (Vaults:1)
  3 wights (Geh:5)
  A worker ant (D:5)
  An adder (D:5)
  A shadow imp (Tar:5)
  3 white imps
  An orc (Vaults:5)
  7 fungi
  13 plants
  7 starspawn tentacles
  13 tentacles
71 creatures vanquished.

Grand Total: 4553 creatures vanquished

Notes
Turn   | Place    | Note
-------+----------+-------------------------------------------
     0 | D:1      | DEFE the Demonspawn Monk began the quest for the Orb.
     0 | D:1      | Reached XP level 1. HP: 18/18 MP: 1/1
   114 | D:1      | Gained mutation: You are surrounded by a mild repulsion
                  | field. (EV +2) [demonic ancestry]
   114 | D:1      | Reached XP level 2. HP: 12/24 MP: 2/2
  1215 | D:2      | Gained mutation: You are surrounded by a moderate repulsion
                  | field. (EV +3) [demonic ancestry]
  1215 | D:2      | Reached XP level 3. HP: 29/29 MP: 3/3
  1366 | D:2      | Found a faded altar of an unknown god.
  1379 | D:2      | Became a worshipper of Trog the Wrathful
  1379 | D:2      | Reached * piety under Trog
  1379 | D:2      | Reached ** piety under Trog
  1494 | D:3      | Noticed Robin
  1513 | D:3      | Reached *** piety under Trog
  1662 | D:3      | Killed Robin
  1663 | D:3      | Reached XP level 4. HP: 21/35 MP: 4/4
  1951 | D:3      | Gained mutation: A weak demonic guardian rushes to your
                  | aid. [demonic ancestry]
  1951 | D:3      | Reached XP level 5. HP: 36/41 MP: 5/5
  2066 | D:3      | Noticed Sigmund
  2074 | D:3      | Killed Sigmund
  2074 | D:3      | Reached XP level 6. HP: 36/47 MP: 6/6
  2127 | D:3      | Found a shattered altar of Ashenzari.
  2463 | D:3      | Found a faded altar of an unknown god.
  2463 | D:3      | Found a bloodstained altar of Trog.
  2468 | D:3      | Found a radiant altar of Vehumet.
  2470 | D:3      | Found an opulent altar of Gozag.
  2471 | D:3      | Found a faded altar of an unknown god.
  2520 | D:3      | Found an ornate altar of the Wu Jian Council.
  2522 | D:3      | Found a hazy altar of Hepliaklqana.
  2604 | D:4      | Reached skill level 5 in Polearms
  2780 | D:4      | Noticed Eustachio
  2802 | D:4      | Killed Eustachio
  2802 | D:4      | Reached **** piety under Trog
  2802 | D:4      | Received a gift from Trog
  2802 | D:4      | Gained mutation: You have large cloven feet. [demonic
                  | ancestry]
  2802 | D:4      | Reached XP level 7. HP: 21/52 MP: 7/7
  3252 | D:4      | Noticed an air elemental
  3254 | D:4      | Found a stormy altar of Qazlal.
  3256 | D:4      | Noticed a water elemental
  3256 | D:4      | Noticed a fire elemental
  3615 | D:5      | Entered Level 5 of the Dungeon
  3657 | D:5      | Got a shimmering dagger
  3658 | D:5      | Identified the cursed +3 dagger of Odotax {antimagic, +Fly
                  | Int+5 Stlth+} (You found it on level 5 of the Dungeon)
  3817 | D:5      | Noticed Pikel
  3854 | D:5      | Killed Pikel
  3854 | D:5      | Reached skill level 5 in Armour
  3854 | D:5      | Reached XP level 8. HP: 51/58 MP: 8/8
  4616 | D:5      | Noticed Edmund
  4629 | D:5      | Killed Edmund
  4635 | D:5      | Found a large runed door.
  4635 | D:5      | Found a large runed door.
  4656 | D:5      | Noticed LLavrengius's ghost (novice FoAK)
  4887 | D:5      | Killed LLavrengius's ghost
  4887 | D:5      | Gained mutation: You have hoof-like feet. [demonic
                  | ancestry]
  4887 | D:5      | Reached XP level 9. HP: 52/63 MP: 9/9
  5968 | D:6      | Found a sacrificial altar of Ru.
  6039 | D:6      | Reached ***** piety under Trog
  6096 | D:6      | Found a shimmering altar of Xom.
  6736 | D:7      | Found a staircase to the Ecumenical Temple.
  7545 | D:8      | Received a gift from Trog
  8770 | D:9      | Found a transporter.
  8779 | D:9      | Found Wisulev's Armour Emporium.
  8786 | D:9      | Bought a +1 cloak of magic resistance for 198 gold pieces
  8880 | D:9      | Found a transporter.
  8881 | D:9      | Noticed a two-headed ogre
  8892 | D:9      | Killed a two-headed ogre
  8892 | D:9      | Gained mutation: A demonic guardian rushes to your aid.
                  | [demonic ancestry]
  8892 | D:9      | Reached XP level 10. HP: 62/70 MP: 10/10
  8910 | D:9      | Reached skill level 10 in Polearms
  9075 | D:9      | Noticed Maurice
  9083 | D:9      | Killed Maurice
  9083 | D:9      | Received a gift from Trog
  9203 | D:9      | Noticed a two-headed ogre
  9211 | D:9      | Killed a two-headed ogre
  9733 | D:10     | Entered Level 10 of the Dungeon
  9990 | D:10     | Adamkad1: y u no play DEFE
  9990 | D:10     | DEFE: really?
 10007 | D:10     | Adamkad1: XD
 10011 | D:10     | Reached skill level 10 in Armour
 10523 | D:10     | Found Qeruboy's Gadget Emporium.
 10531 | D:10     | Found Giptefos's Weapon Shoppe.
 10546 | D:10     | Found a staircase to the Orcish Mines.
 10942 | D:11     | Found a staircase to the Lair.
 11082 | D:11     | Identified a scroll of acquirement
 11085 | D:11     | Got a faintly glowing bardiche
 11086 | D:11     | Identified the +10 bardiche of Magnificence {freeze, *Drain
                  | +Fly rC+ Int+2} (You acquired it on level 11 of the
                  | Dungeon)
 11105 | D:11     | Noticed a four-headed hydra
 11112 | D:11     | Killed a four-headed hydra
 11112 | D:11     | Reached XP level 11. HP: 70/75 MP: 11/11
 11149 | D:11     | Killed an unseen horror
 11219 | D:11     | Found a glowing golden altar of the Shining One.
 11930 | Lair:1   | Entered Level 1 of the Lair of Beasts
 11939 | Lair:1   | Noticed a four-headed hydra
 11942 | Lair:1   | Killed a six-headed hydra
 12340 | Lair:1   | Received a gift from Trog
 12933 | Lair:1   | Noticed a six-headed hydra
 12941 | Lair:1   | Killed a nine-headed hydra
 12941 | Lair:1   | Gained mutation: When hurt, damage is shared between your
                  | health and your magic reserves. [demonic ancestry]
 12941 | Lair:1   | Reached XP level 12. HP: 68/81 MP: 12/12
 14057 | Lair:2   | Reached skill level 15 in Polearms
 14310 | Lair:2   | Found a staircase to the Snake Pit.
 14753 | Lair:2   | Found a staircase to the Shoals.
 15644 | Lair:3   | Received a gift from Trog
 16469 | Lair:4   | Noticed Kirke
 16480 | Lair:4   | Killed Kirke
 17271 | Lair:5   | Gained mutation: You regenerate magic rapidly. [demonic
                  | ancestry]
 17271 | Lair:5   | Reached XP level 13. HP: 73/86 MP: 11/13
 18643 | Lair:6   | Entered Level 6 of the Lair of Beasts
 18643 | Lair:6   | Found a staircase to the Slime Pits.
 18910 | Lair:6   | Received a gift from Trog
 18916 | Lair:6   | Noticed Sonja
 18944 | Lair:6   | Killed Sonja
 19830 | Lair:6   | Gained mutation: You have hooves in place of feet. [demonic
                  | ancestry]
 19830 | Lair:6   | Reached XP level 14. HP: 83/93 MP: 12/14
 19866 | Lair:6   | Received a gift from Trog
 20567 | Lair:6   | Reached ****** piety under Trog
 21005 | Orc:1    | Entered Level 1 of the Orcish Mines
 21439 | Orc:2    | Entered Level 2 of the Orcish Mines
 21630 | Orc:2    | Found a bloodstained altar of Trog.
 21923 | Orc:2    | Received a gift from Trog
 22028 | Orc:2    | Found a staircase to the Elven Halls.
 22061 | Orc:1    | Noticed an orc warlord
 22088 | Orc:1    | Killed an orc warlord
 22216 | Orc:1    | Reached skill level 5 in Fighting
 22698 | Orc:2    | Received a gift from Trog
 23011 | Orc:2    | Found Fikesot's Book Shop.
 23011 | Orc:2    | Found Ykhac's Book Emporium.
 23014 | Orc:2    | Found Mathe's Book Emporium.
 23014 | Orc:2    | Found Tiafauh's Gadget Boutique.
 23025 | Orc:2    | Bought a wand of acid (7) for 242 gold pieces
 23237 | D:12     | Gained mutation: You are surrounded by a strong repulsion
                  | field. (EV +4, RMsl) [demonic ancestry]
 23237 | D:12     | Reached XP level 15. HP: 103/108 MP: 15/15
 23671 | D:12     | Received a gift from Trog
 24348 | D:13     | Found Tavu Emo's Antique Armour Emporium.
 24361 | D:13     | Bought a warped plate armour for 840 gold pieces
 24361 | D:13     | Identified the cursed +1 plate armour "Ytelutij" {+Fly
                  | rElec Int-4 Slay+6} (You bought it in a shop on level 13 of
                  | the Dungeon)
 24746 | D:13     | Reached skill level 10 in Fighting
 25077 | D:14     | Received a gift from Trog
 25276 | D:14     | Reached skill level 5 in Dodging
 25731 | D:14     | Got a sparkling turquoise ring
 25733 | D:14     | Identified the ring "Osutwiz" {rPois rF+ Str+4 SInv} (You
                  | found it on level 14 of the Dungeon)
 25799 | D:14     | Found a gate to the Vaults.
 25943 | D:14     | Found a portal to a secret trove of treasure.
 26121 | D:14     | You fall through a shaft!
 26121 | D:15     | Entered Level 15 of the Dungeon
 26170 | D:15     | Found a runed gate.
 26171 | D:15     | Found a runed gate.
 26171 | D:15     | Found an ancient bone altar of Kikubaaqudgha.
 26172 | D:15     | Found a runed gate.
 26172 | D:15     | Noticed SnubMonkey's ghost (journeyman GnHu)
 26172 | D:15     | Noticed Flugkiller's ghost (journeyman HuTm)
 26172 | D:15     | Noticed LLavrengius's ghost (adept OpFi)
 26173 | D:15     | Noticed a lich
 26177 | D:15     | Found Qunun's Antique Armour Boutique.
 26180 | D:15     | Bought a glowing helmet for 225 gold pieces
 26215 | D:15     | Found Obabi's General Store.
 26270 | D:15     | Found Waeruni's Weapon Boutique.
 26283 | D:15     | Found Huicw's Armour Shop.
 26334 | D:15     | Found a glowing silver altar of Zin.
 26342 | D:15     | Noticed a lich
 26372 | D:15     | Found a shimmering altar of Xom.
 26511 | D:15     | Found a staircase to the Depths.
 26703 | D:15     | Killed a lich
 26709 | D:15     | Killed Flugkiller's ghost
 26709 | D:15     | Killed a lich
 26713 | D:15     | Killed LLavrengius's ghost
 26715 | D:15     | Killed SnubMonkey's ghost
 26781 | D:15     | Got a vibrating copper amulet
 26782 | D:15     | Identified the amulet "Wumeqeh" {Acrobat rC+ Dex+2} (You
                  | found it on level 15 of the Dungeon)
 26791 | D:15     | Got a bloodstained helmet
 26802 | D:15     | Identified the +1 helmet "Atizxaow" {rElec Str+3} (You
                  | found it on level 15 of the Dungeon)
 26958 | Snake:1  | Entered Level 1 of the Snake Pit
 26958 | Snake:1  | Noticed Asterion
 26971 | Snake:1  | Killed Asterion
 26971 | Snake:1  | Gained mutation: Your flesh is heat resistant. (rF+)
                  | [demonic ancestry]
 26971 | Snake:1  | Reached XP level 16. HP: 40/126 MP: 7/16
 27207 | Snake:1  | Noticed Azrael
 27223 | Lair:2   | Killed Azrael
 27537 | Snake:1  | Received a gift from Trog
 27701 | Snake:1  | You fall through a shaft!
 27701 | Snake:2  | Noticed Vashnia
 27723 | Snake:2  | Killed Vashnia
 27959 | Snake:2  | Noticed Agnes
 27965 | Snake:2  | Killed Agnes
 29383 | Snake:3  | Found Edatom's Gadget Boutique.
 29383 | Snake:3  | Found Qygiul's Weapon Shop.
 29387 | Snake:3  | Found Kalu's Jewellery Boutique.
 29395 | Snake:3  | Bought an uncursed amulet of regeneration for 450 gold
                  | pieces
 29461 | Snake:3  | Received a gift from Trog
 29685 | Snake:4  | Entered Level 4 of the Snake Pit
 30317 | Snake:4  | Gained mutation: A powerful demonic guardian rushes to your
                  | aid. [demonic ancestry]
 30317 | Snake:4  | Reached XP level 17. HP: 115/136 MP: 14/17
 30384 | Snake:4  | Found Baiclito's Weapon Emporium.
 30646 | Snake:4  | Received a gift from Trog
 30860 | Snake:4  | Reached skill level 10 in Dodging
 30953 | Snake:4  | Got a serpentine rune of Zot
 31756 | Vaults:1 | Entered Level 1 of the Vaults
 32142 | D:14     | You paid a toll of +3 ice dragon scales to enter a treasure
                  | trove
 32143 | Trove    | Entered a treasure trove
 32150 | Trove    | Got a shimmering brass amulet
 32152 | Trove    | Got a slimy pewter amulet
 32156 | Trove    | Got a shimmering jade ring
 32158 | Trove    | Got a coiled granite ring
 32160 | Trove    | Identified the ring "Erpheumm" {+Fly MR++ MP-9 Int+3 SInv}
                  | (You found it in a treasure trove)
 32172 | Trove    | Identified the ring of Sounir {Str+10 Dex+2} (You found it
                  | in a treasure trove)
 32198 | Trove    | Got a clouded tin amulet
 32202 | Trove    | Identified the amulet "Asuo" {Faith Slay+2} (You found it
                  | in a treasure trove)
 32205 | Trove    | Identified the amulet "Wor Fosk" {Gourm rC- Str+3 Dex+2}
                  | (You found it in a treasure trove)
 32210 | Trove    | Identified the amulet "Ackotz" {Reflect rElec rN+ Int+3
                  | Dex+3 SH+4} (You found it in a treasure trove)
 32213 | Trove    | Got a flickering iron amulet
 32215 | Trove    | Identified the amulet "Uqomeali" {+Rage rC+ rN++ MP-9
                  | Int-2} (You found it in a treasure trove)
 32721 | Vaults:1 | Got a shimmering platinum ring
 32882 | Vaults:1 | Identified the ring of Ruph {Ice rElec} (You found it on
                  | level 1 of the Vaults)
 33830 | Vaults:2 | Found the +2 ratskin cloak {+Rats rPois rN+ Str-1 Int-1
                  | Dex+1}
 33870 | Vaults:2 | Gained mutation: When low on magic, you restore magic in
                  | place of health. [demonic ancestry]
 33870 | Vaults:2 | Reached XP level 18. HP: 95/147 MP: 9/18
 34561 | Vaults:2 | Received a gift from Trog
 35024 | Vaults:2 | Reached skill level 15 in Fighting
 35457 | Vaults:3 | Received a gift from Trog
 35651 | Vaults:3 | Found a staircase to the Crypt.
 36227 | Vaults:3 | Reached skill level 15 in Armour
 36391 | Vaults:3 | Noticed a Brimstone Fiend
 36802 | Vaults:3 | Received a gift from Trog
 37029 | Vaults:3 | Reached XP level 19. HP: 143/155 MP: 10/19
 37825 | Vaults:4 | Received a gift from Trog
 39784 | Elf:1    | Entered Level 1 of the Elven Halls
 39791 | Elf:1    | Received a gift from Trog
 40369 | Elf:1    | Reached XP level 20. HP: 164/164 MP: 11/20
 40706 | Elf:2    | Noticed Saint Roka
 40711 | Elf:2    | Received a gift from Trog
 40716 | Elf:2    | Killed Saint Roka
 40866 | Elf:2    | Found a huge runed gate.
 40866 | Elf:2    | Found a huge runed gate.
 40866 | Elf:2    | Found a huge runed gate.
 40866 | Elf:2    | Found a huge runed gate.
 40868 | Elf:2    | Found a huge runed gate.
 40884 | Elf:2    | Identified Sif Muna's Volume of Poison and Transformation
 40901 | Elf:2    | Found Alubeyd's Weapon Emporium.
 40901 | Elf:2    | Found Olosaore's Jewellery Shoppe.
 40902 | Elf:2    | Found Feylem's General Store.
 40905 | Elf:2    | Found Ikot's General Store.
 40917 | Elf:2    | Bought a scroll of identify for 28 gold pieces
 40917 | Elf:2    | Bought a scroll of identify for 28 gold pieces
 40917 | Elf:2    | Bought a scroll of magic mapping for 49 gold pieces
 40926 | Elf:2    | Bought a potion of magic for 120 gold pieces
 40926 | Elf:2    | Bought a scroll of identify for 30 gold pieces
 40926 | Elf:2    | Bought a potion of curing for 45 gold pieces
 41492 | Elf:3    | Entered Level 3 of the Elven Halls
 41557 | Elf:3    | Reached skill level 15 in Dodging
 41853 | Elf:3    | Noticed Nikola
 41862 | Elf:3    | Found Vyxasunk's Assorted Antiques.
 41868 | Elf:3    | Killed Nikola
 41900 | Elf:3    | Bought a potion of mutation for 208 gold pieces
 41900 | Elf:3    | Bought a scroll of identify for 52 gold pieces
 42090 | Elf:3    | Received a gift from Trog
 42122 | Elf:3    | Identified the +10 mace "Peumunye" {speed, Fragile +Rage
                  | rElec}
 42212 | Elf:3    | Received a gift from Trog
 42895 | Elf:3    | Identified the +5 chain mail "Kehydus" {Dex+2}
 42895 | Elf:3    | Identified the amulet "Tiujesua" {Faith rC+ Slay-5 Stlth+}
 42979 | Elf:3    | Identified the ring "Ugroem" {MR+ Int+6}
 43439 | Depths:1 | Entered Level 1 of the Depths
 43454 | Depths:1 | Received a gift from Trog
 43745 | Depths:1 | Received a gift from Trog
 43757 | Depths:1 | Found a glowing golden altar of the Shining One.
 44156 | Depths:1 | Found a bloodstained altar of Trog.
 44349 | Depths:1 | Found a one-way gate leading to the halls of Pandemonium.
 44478 | Depths:1 | Reached XP level 21. HP: 165/174 MP: 12/21
 44763 | Depths:1 | Found a gateway to Hell.
 45242 | Depths:2 | Received a gift from Trog
 45869 | Depths:2 | Received a gift from Trog
 46007 | Depths:2 | Found Lyshri's Jewellery Shoppe.
 46007 | Depths:2 | Found Uheps's Gadget Boutique.
 46008 | Depths:2 | Found Nocrik Letei's Gadget Boutique.
 46540 | Depths:3 | Noticed Boris
 46546 | Depths:3 | Killed Boris
 46579 | Depths:3 | Noticed Margery
 46590 | Depths:3 | Killed Margery
 46797 | Depths:3 | Received a gift from Trog
 47170 | Depths:3 | Noticed an ancient lich
 47182 | Depths:3 | Killed an ancient lich
 47182 | Depths:3 | Gained mutation: You are immune to clouds of flame.
                  | [demonic ancestry]
 47182 | Depths:3 | Reached XP level 22. HP: 136/184 MP: 13/22
 47213 | Depths:3 | Noticed Frederick
 47220 | Depths:3 | Killed Frederick
 47530 | Depths:3 | Got a twitching golden ring
 48219 | Depths:4 | Found a shattered altar of Ashenzari.
 48382 | Depths:4 | Found a corrupted altar of Lugonu.
 48382 | Depths:4 | Found a one-way gate to the infinite horrors of the Abyss.
 48740 | Depths:4 | Noticed a caustic shrike
 48750 | Depths:4 | Killed a caustic shrike
 49071 | Depths:4 | Noticed a juggernaut
 49075 | Depths:4 | Killed a juggernaut
 49113 | Depths:4 | Identified Xapone's Reference Book on Creation and the
                  | Mountains
 49304 | Depths:5 | Entered Level 5 of the Depths
 49309 | Depths:5 | Found a gateway to a ziggurat.
 49410 | Depths:5 | Received a gift from Trog
 49579 | Depths:5 | Identified the ring "Keerin" {Fire Stlth+} (You found it on
                  | level 3 of the Depths)
 49943 | Depths:5 | Found a runed door.
 50223 | Depths:5 | Found a gate to the Realm of Zot.
 50468 | Depths:5 | Noticed guttsta's ghost (veteran DDFi)
 50861 | Depths:5 | Killed guttsta's ghost
 50866 | Depths:5 | Found a runed door.
 50871 | Depths:5 | Noticed a golden dragon
 50871 | Depths:5 | Noticed Jannitor's ghost (legendary VSCK)
 50910 | Depths:5 | Killed Jannitor's ghost
 50910 | Depths:5 | Reached XP level 23. HP: 137/194 MP: 12/23
 50915 | Depths:5 | Received a gift from Trog
 51052 | Depths:5 | Found a runed door.
 51053 | Depths:5 | Noticed guttsta's ghost (veteran DDFi)
 51069 | Depths:5 | Killed guttsta's ghost
 51098 | Depths:5 | Identified the ring "Edwoim" {MP+9 Int+4} (You found it on
                  | level 5 of the Depths)
 51402 | Vaults:5 | Entered Level 5 of the Vaults
 51419 | Vaults:5 | Noticed an ancient lich
 51428 | Vaults:5 | Killed an ancient lich
 51699 | Vaults:5 | Got a silver rune of Zot
 51842 | Vaults:5 | Identified the +6 great mace of the Genius {freeze, Str+4
                  | Dex+3}
 51846 | Vaults:5 | Received a gift from Trog
 52127 | Vaults:5 | Identified the cursed +1 dagger of the Wary Places {freeze,
                  | rElec Int+4 Dex-3 Stlth+}
 52127 | Vaults:5 | Identified the ring "Hoashy" {+Fly Str+3 Slay+2}
 52559 | Vaults:5 | Noticed Xtahua
 52562 | Vaults:5 | Reached XP level 24. HP: 194/204 MP: 14/23
 52564 | Vaults:5 | Received a gift from Trog
 52584 | Vaults:5 | Killed Xtahua
 53190 | Vaults:5 | Received a gift from Trog
 53987 | Crypt:1  | Entered Level 1 of the Crypt
 54129 | Crypt:1  | Found a basalt altar of Yredelemnul.
 54768 | Crypt:1  | Found a runed door.
 54770 | Crypt:1  | Noticed Nuatecoo's ghost (veteran GrFi)
 54788 | Crypt:1  | Killed Nuatecoo's ghost
 55367 | Crypt:2  | Found a runed gate.
 55369 | Crypt:2  | Found a runed gate.
 55369 | Crypt:2  | Noticed Hom Ynerri's ghost (veteran GrFi)
 55370 | Crypt:2  | Found a runed gate.
 55370 | Crypt:2  | Noticed Nuatecoo's ghost (veteran GrFi)
 55372 | Crypt:2  | Noticed Bodineur's ghost (veteran DsCj)
 55373 | Crypt:2  | Noticed Rudator's ghost (veteran GrFi)
 55401 | Crypt:2  | Killed Nuatecoo's ghost
 55401 | Crypt:2  | Received a gift from Trog
 55404 | Crypt:2  | Killed Bodineur's ghost
 55414 | Crypt:2  | Killed Hom Ynerri's ghost
 55438 | Crypt:2  | Killed Rudator's ghost
 55672 | Crypt:3  | Entered Level 3 of the Crypt
 56129 | Crypt:3  | Received a gift from Trog
 56133 | Crypt:3  | Noticed Jory
 56144 | Crypt:3  | Killed Jory
 56239 | Crypt:3  | Found the +5 scythe "Finisher" {speed, eviscerate}
 56289 | Crypt:3  | Gained mutation: You can hurl damnation. [demonic ancestry]
 56289 | Crypt:3  | Reached XP level 25. HP: 205/210 MP: 4/23
 56400 | Crypt:3  | Identified the ring "Ryocoef" {+Fly rC+ Str+3 Dex+4 Slay+3}
                  | (You found it on level 3 of the Crypt)
 56526 | Crypt:3  | Received a gift from Trog
 56533 | Crypt:3  | DEFE: ??eviscerate
 56533 | Crypt:3  | beem: I don't have a page labeled eviscerate in my learndb.
 56533 | Crypt:3  | DEFE: ??finisher
 56533 | Crypt:3  | beem: finisher[1/1]: The +5 scythe "Finisher" {speed,
                  | Str+3}. In 0.23+, loses Str+3 and gains a (50-HD)/200
                  | chance of instagibbing the target.
 56913 | Crypt:3  | Found a staircase to the Tomb.
 57649 | Shoals:1 | Entered Level 1 of the Shoals
 57701 | Shoals:1 | Found Ciwid's Gadget Shop.
 57798 | Shoals:1 | Found a runed gate.
 57799 | Shoals:1 | Found a runed gate.
 57800 | Shoals:1 | Found a runed gate.
 57802 | Shoals:1 | Noticed Rusei's ghost (adept MiBe)
 57899 | Shoals:1 | Killed Rusei's ghost
 57917 | Shoals:1 | Received a gift from Trog
 58152 | Shoals:1 | Identified the cursed -4 hat of the Monkey {rC+ rCorr SInv}
                  | (You found it on level 1 of the Shoals)
 58466 | Shoals:2 | Noticed Ilsuiw
 58512 | Shoals:2 | Killed Ilsuiw
 58838 | Shoals:2 | Noticed Polyphemus
 58840 | Shoals:2 | Killed Polyphemus
 59303 | Shoals:3 | Found Xunan's Antique Weapon Shoppe.
 59493 | Shoals:3 | Received a gift from Trog
 59882 | Shoals:4 | Entered Level 4 of the Shoals
 60515 | Shoals:4 | Received a gift from Trog
 60540 | Shoals:4 | Got a barnacled rune of Zot
 61205 | Zot:1    | Entered Level 1 of the Realm of Zot
 61702 | Zot:1    | Reached XP level 26. HP: 212/218 MP: 13/23
 62404 | Zot:2    | Received a gift from Trog
 64279 | Zot:4    | Found a transporter.
 64279 | Zot:4    | Found a transporter.
 64786 | Zot:4    | Identified the amulet "Antou" {Reflect rElec MR++ Slay+3
                  | SH+4 Stlth-} (You found it on level 4 of the Realm of Zot)
 64865 | Zot:5    | Entered Level 5 of the Realm of Zot
 64879 | Zot:5    | Found a runed gate.
 64879 | Zot:5    | Found a runed gate.
 64879 | Zot:5    | Found a runed gate.
 64935 | Zot:5    | Noticed Tinylith's ghost (legendary HOFi)
 64938 | Zot:5    | Noticed kroki's ghost (legendary MiFi)
 64939 | Zot:5    | Noticed Shaidar's ghost (legendary MiBe)
 64974 | Zot:5    | Killed Shaidar's ghost
 64978 | Zot:5    | Killed kroki's ghost
 65011 | Zot:5    | Killed Tinylith's ghost
 65011 | Zot:5    | Reached XP level 27. HP: 148/225 MP: 14/23
 65023 | Zot:5    | Got a transparent ivory ring
 65024 | Zot:5    | Identified the ring "Odunt" {Ice -Tele Dex+4 SInv} (You
                  | found it on level 5 of the Realm of Zot)
 65589 | Pan      | Entered Pandemonium
 66048 | Pan      | Received a gift from Trog
 66211 | Pan      | Noticed Zefoadug the pandemonium lord
 66215 | Pan      | Killed Zefoadug the pandemonium lord
 66364 | Pan      | Noticed Dicvuguts the pandemonium lord
 66375 | Pan      | Killed Dicvuguts the pandemonium lord
 67007 | Pan      | Noticed Zeshreilu the pandemonium lord
 67024 | Pan      | Killed Zeshreilu the pandemonium lord
 67024 | Pan      | Received a gift from Trog
 67268 | Pan      | Identified the ring of Disaster {rC+ MR+} (You found it in
                  | Pandemonium)
 67273 | Pan      | Identified the +2 helmet of the Sparrow {rC++} (You
                  | acquired it in Pandemonium)
 67904 | Pan      | Noticed Ferphux the pandemonium lord
 67906 | Pan      | Killed Ferphux the pandemonium lord
 68046 | Pan      | Received a gift from Trog
 68054 | Pan      | DEFE: ??bristom
 68054 | Pan      | beem: I don't have a page labeled bristom in my learndb.
 68054 | Pan      | DEFE: @?bristome fiend
 68054 | Pan      | beem: unknown monster: "bristome fiend"
 68054 | Pan      | DEFE: @?brimstone fiend
 68054 | Pan      | beem: Brimstone Fiend (1)
                  | Spd:
    10 | HD: 18   | HP: 84-117
                  | | AC/EV: 15/6
                  | Dam: 25, 15, 15
                  | demonic, doors, evil, see
                  | invisible, fly
                  | Res: magic(immune), fire+++, damnation,
                  | poison, rot, neg+++, torm
                  | Vul: cold, drown, holy
                  | XP:
                  | 3324
                  | Sp: hurl damnation (3d20) [!sil], s.torment [!sil]
                  | | Sz: Large
                  | Int: human.
 68080 | Pan      | Gained mutation: You are frail. (-10% HP) [a neqoxec]
 69191 | Pan      | Got a demonic rune of Zot
 69232 | Pan      | Identified the ring of Laolox {rF+ Str+2 Stlth+} (You found
                  | it in Pandemonium)
 69473 | Pan      | Received a gift from Trog
 69619 | Pan      | Noticed Peshro the pandemonium lord
 69630 | Pan      | Killed Peshro the pandemonium lord
 69936 | Pan      | Entered the realm of Mnoleg.
 69940 | Pan      | Noticed Mnoleg
 69943 | Pan      | Got a glowing rune of Zot
 69968 | Pan      | Killed Mnoleg
 69968 | Pan      | Reached skill level 27 in Polearms
 70180 | Pan      | Gained mutation: Armour fits poorly on your strangely
                  | shaped body. [a cacodemon]
 70295 | Pan      | Gained mutation: Scrolls take you a little longer to read.
                  | [a neqoxec]
 70356 | Pan      | Paralysed by a floating eye for 4 turns
 70359 | Pan      | Gained mutation: You are very frail. (-20% HP) [a
                  | cacodemon]
 70422 | Pan      | Found an exit through the horrors of the Abyss.
 70436 | Pan      | Noticed Mennas
 70441 | Pan      | Received a gift from Trog
 70480 | Pan      | Killed Mennas
 70517 | Pan      | Goblin1989: что за коса?
 70517 | Pan      | Lost mutation: You are very frail. (-20% HP) [potion of
                  | mutation]
 70517 | Pan      | Lost mutation: Scrolls take you a little longer to read.
                  | [potion of mutation]
 70517 | Pan      | Lost mutation: Armour fits poorly on your strangely shaped
                  | body. [potion of mutation]
 70517 | Pan      | Gained mutation: You can translocate small distances at
                  | will. [potion of mutation]
 70517 | Pan      | Gained mutation: You passively map a small area around you.
                  | [potion of mutation]
 70518 | Pan      | DEFE: Финишер
 70701 | Pan      | Entered the realm of Lom Lobon.
 70702 | Pan      | Goblin1989: а что там у нее после спида написано? не совсем
                  | понимаю
 70704 | Pan      | DEFE: ??finisher
 70706 | Pan      | Goblin1989: бим не работает
 70706 | Pan      | Goblin1989: с утра уже
 70706 | Pan      | DEFE: шанс убить цель
 70706 | Pan      | DEFE: одним ударом
 70706 | Pan      | Goblin1989: ох
 70706 | Pan      | DEFE: 50-HD/200
 70976 | Pan      | Found an exit through the horrors of the Abyss.
 71129 | Pan      | Goblin1989: 50/50 в смысле что ли?
 71204 | Pan      | DEFE: ?
 71204 | Pan      | Goblin1989: а не
 71204 | Pan      | Goblin1989: я понял почти
 71204 | Pan      | Goblin1989: что такое HD
 71204 | Pan      | DEFE: (50-HD)/200
 71204 | Pan      | DEFE: Hit Dice
 71204 | Pan      | DEFE: уровень монстра
 71216 | Pan      | Goblin1989: ааа
 71229 | Pan      | Goblin1989: клево
 71229 | Pan      | Received a gift from Trog
 71255 | Pan      | Goblin1989: давно этот арт появился?
 71256 | Pan      | DEFE: давно
 71256 | Pan      | DEFE: но раньше он другой был
 71256 | Pan      | DEFE: его поменяли
 71353 | Pan      | iamserjio: !ping
 71553 | Pan      | Goblin1989: а урон-то на самом деле такой себе
 71565 | Pan      | Goblin1989: если убийство не прокает
 71617 | Pan      | DEFE: ты скорость атаки видел?
 71665 | Pan      | Goblin1989: аааа
 71674 | Pan      | Goblin1989: ничего себе
 71695 | Pan      | Goblin1989: две атаки за ход
 71708 | Pan      | iamserjio: ударов много вот и кажется
 71716 | Pan      | Noticed Lom Lobon
 71723 | Pan      | Goblin1989: клево
 71728 | Pan      | Killed Lom Lobon
 71732 | Pan      | Goblin1989: еще один арт, с которым я хочу игру пройти
                  | появился
 71751 | Pan      | Goblin1989: но первый все-таки зуб вампира
 71755 | Pan      | Received a gift from Trog
 71764 | Pan      | Got a magical rune of Zot
 72249 | Pan      | Goblin1989: кстати дефир, а чего ты трога не дропаешь?
 72321 | Pan      | Entered the realm of Gloorx Vloq.
 72322 | Pan      | DEFE: а зачем?
 72791 | Pan      | Goblin1989: ну трог в экстенде не очень помогает, к тому же
                  | ты заколебешся томбы делать с ним
 73138 | Pan      | Goblin1989: без неграъ
 73365 | Pan      | iamserjio: ага качай некромутацию и бери чеи lul
 73425 | Pan      | DEFE: нинужно
 73441 | Pan      | Goblin1989: ну можно хлеба хотя бы взять
 73510 | Pan      | Goblin1989: дефир как всегда в своем стиле
 73797 | Pan      | iamserjio: чтооо томба без некромутации как такое возможно
 73839 | Pan      | DEFE: что?
 73839 | Pan      | DEFE: Ну посмотри
 73839 | Pan      | DEFE: лол
 73839 | Pan      | Goblin1989: кстати он делал ее
 73840 | Pan      | Noticed Gloorx Vloq
 73849 | Pan      | Killed Gloorx Vloq
 73850 | Pan      | Goblin1989: при мне демонспавном узькавары
 73877 | Pan      | iamserjio: у вас резист на сарказм что ли
 73930 | Pan      | DEFE: иммун
 73933 | Pan      | Goblin1989: в форме деревяшки блинкался его абилкой от
                  | монстров
 73935 | Pan      | Received a gift from Trog
 74008 | Pan      | DEFE: лол
 74008 | Pan      | DEFE: я такое делал?
 74148 | Pan      | Got a dark rune of Zot
 74198 | Pan      | Goblin1989: да
 74220 | Pan      | iamserjio: прошу прощения тогда перепутал чат я думал тут
                  | можно
 74274 | Pan      | DEFE: мы минотавры
 74274 | Pan      | iamserjio: в томбе просто тп читаешь и падаешь на руну
 74274 | Pan      | DEFE: у нас юмор иммун
 74279 | Pan      | iamserjio: еше тп и уходишь
 74279 | Pan      | DEFE: или не падаешь
 74302 | Pan      | iamserjio: еще читаешь тогда
 74348 | Pan      | Goblin1989:
                  | https://crawl.xtahua.com/crawl/morgue/DEFE/morgue-DEFE-2018
                  | 0301-111731.txt
 74405 | Pan      | Goblin1989: 62194 строчку читай
 74405 | Pan      | DEFE: приколько
 74405 | Pan      | DEFE: я уже и забыл что играл дс узкого
 74407 | Pan      | Noticed Gifeseel the pandemonium lord
 74415 | Pan      | Killed Gifeseel the pandemonium lord
 74420 | Pan      | Gained mutation: You are dopey. (Int -2) [a neqoxec]
 74604 | Pan      | iamserjio: ну уск имба еще та tho
 74736 | Pan      | Gained mutation: You are weak. (Str -2) [a cacodemon]
 74778 | Pan      | Found an exit through the horrors of the Abyss.
 74780 | Pan      | Entered the realm of Cerebov.
 75070 | Pan      | Received a gift from Trog
 75528 | Pan      | iamserjio: !hs * dsbe
 75533 | Pan      | Identified the +6 sword of Cerebov {flame}
 75533 | Pan      | Noticed Cerebov
 75543 | Pan      | iamserjio: T_T
 75549 | Pan      | Goblin1989: да хоспадя, ни работает бим сегодня
 75616 | Pan      | Goblin1989: все его спрашивают, а он никому ничего не
                  | говорит сегодня
 75626 | Pan      | Identified the ring "Aniy" {EV+3 Str+2 Dex+3 Stlth+}
 75650 | Pan      | iamserjio: работает, тебя забанили в нем
 75650 | Pan      | DEFE: забастовка
 75973 | Pan      | Goblin1989: тебя тоже, тебе он тоже не ответил :)
 75982 | Pan      | Killed Cerebov
 75983 | Pan      | DEFE: лол
 75983 | Pan      | DEFE: финишер имба
 76054 | Pan      | DEFE: с окой наверное совсем жесть
 76054 | Pan      | DEFE: там 0.3 скорост ьна косе будет
 76055 | Pan      | Got a fiery rune of Zot
 76303 | Pan      | iamserjio: коси коса
 76330 | Pan      | Reached skill level 1 in Evocations
 76520 | Pan      | iamserjio: рипер с финишером выходит и ему ваншот прокает
                  | :З
 76521 | Pan      | Identified the +0 hat of Puno {Regen+ Str+5} (You acquired
                  | it in Pandemonium)
 76602 | Pan      | DEFE: я думаю у мобов не работает
 76657 | Pan      | DEFE: лол
 76657 | Pan      | DEFE: марка
 76657 | Pan      | DEFE: сходу
 76657 | Pan      | DEFE: 11 из 10
 76661 | Pan      | iamserjio: не работает ofc
 76738 | Pan      | DEFE: ну я в коде н смотрел
 77042 | Pan      | Noticed Ignacio
 77057 | Pan      | Goblin1989: а ты увидишь такого и беги от него
 77058 | Pan      | Killed Ignacio
 77089 | Pan      | Goblin1989: и убивай дальнобоем
 77106 | Pan      | Found an exit through the horrors of the Abyss.
 77218 | Pan      | iamserjio: фу таким быть
 77438 | Pan      | Took an exit into the Abyss.
 77438 | Abyss:1  | Escaped into the Abyss
 77543 | Abyss:1  | Received a gift from Trog
 77544 | Abyss:1  | Goblin1989: простите, я за ермаком слишком долго смотрел
                  | сегодня
 77633 | Abyss:1  | Found a corrupted altar of Lugonu.
 77736 | Abyss:1  | Goblin1989: вот уж кто играет суперосторожно действительно
 77875 | Abyss:2  | Reached skill level 5 in Evocations
 78333 | Abyss:3  | Found a corrupted altar of Lugonu.
 78403 | Abyss:3  | Found a corrupted altar of Lugonu.
 78565 | Abyss:3  | Got an abyssal rune of Zot
 78853 | Abyss:3  | Received a gift from Trog
 79237 | Abyss:3  | Gained mutation: Your spells are a little easier to cast,
                  | but a little less powerful. [a neqoxec]
 79499 | Depths:5 | Escaped the Abyss
 79555 | Hell     | Entered the Vestibule of Hell
 79555 | Hell     | Noticed Geryon
 79576 | Hell     | Goblin1989: ну че, томба-то будет или все ады задрачивать
                  | будешь?!
 79581 | Hell     | Goblin1989: =D
 79587 | Hell     | Killed Geryon
 79590 | Hell     | Received a gift from Trog
 79596 | Hell     | DEFE: ну я сначала ады делаю
 79596 | Hell     | DEFE: потом томбу
 79705 | Hell     | Goblin1989: эх, не увижу значит
 79896 | Hell     | Goblin1989: сейчас ехать в город придется, вызвали по
                  | работе
 79920 | Hell     | DEFE: увы
 79924 | Hell     | Found a gateway to the freezing wastes of Cocytus.
 79987 | Hell     | Found a gateway to the Iron City of Dis.
 80055 | Hell     | DEFE: с другой стороны
 80055 | Hell     | DEFE: может я сам прервусь
 80055 | Hell     | DEFE: кто знает
 80070 | Hell     | Found a gateway to the ashen valley of Gehenna.
 80094 | Hell     | Noticed Murray
 80105 | Hell     | Killed Murray
 80105 | Hell     | iamserjio: опечален и раздосадовон
 80183 | Hell     | Found a gateway to the decaying netherworld of Tartarus.
 80221 | Hell     | Received a gift from Trog
 80293 | Tar:1    | Entered Level 1 of Tartarus
 80609 | Tar:1    | iamserjio: может я сам прервусь- голос рассказчика- его
                  | жизнь прервали мумии
 80609 | Tar:1    | Goblin1989: кстати в этом году по сравнению с прошлыми
                  | тремя все супертихо. впервые вызывают, а в те года я до
                  | февраля ежедневно в городе с отчетами тусил
 80782 | Tar:1    | DEFE: либо пить меньше стали
 80782 | Tar:1    | DEFE: либо вымерли
 80967 | Tar:2    | Goblin1989: либо работеть все-таки научились
 80973 | Tar:2    | iamserjio: сегодня видел новость что население упало даже с
                  | учетом притока мигрантов оО
 80992 | Tar:2    | Reached skill level 10 in Evocations
 81058 | Tar:2    | DEFE: По прогнозам ООН в 2050 в РФ будет окло 120 млн
 81073 | Tar:2    | iamserjio: не верим оон они агенты
 81073 | Tar:2    | Received a gift from Trog
 81076 | Tar:2    | iamserjio: читаем сорокина будет 250 и опричнина
 81322 | Tar:3    | iamserjio: so yolo
 81658 | Tar:3    | Received a gift from Trog
 82626 | Tar:5    | Received a gift from Trog
 83304 | Tar:6    | Found a huge runed gate.
 83304 | Tar:6    | Found a huge runed gate.
 83305 | Tar:6    | Found a huge runed gate.
 83307 | Tar:6    | Found a huge runed gate.
 83444 | Tar:7    | Entered Level 7 of Tartarus
 83465 | Tar:7    | Received a gift from Trog
 83657 | Tar:7    | Noticed the Serpent of Hell
 83664 | Tar:7    | Killed the Serpent of Hell
 83753 | Tar:7    | Noticed Ereshkigal
 83768 | Tar:7    | iamserjio: нет сетей Т_Т
 83775 | Tar:7    | Killed Ereshkigal
 83778 | Tar:7    | DEFE: сети
 83778 | Tar:7    | DEFE: нинужно
 83827 | Tar:7    | Found the +3 robe of Clouds {+Thunder rCloud rElec}
 83827 | Tar:7    | Found the +8 Wrath of Trog {antimagic, *Rage}
 83832 | Tar:7    | Got a bone rune of Zot
 84372 | Geh:1    | Entered Level 1 of Gehenna
 84417 | Geh:1    | Lost mutation: You are dopey. (Int -2) [potion of mutation]
 84417 | Geh:1    | Lost mutation: You are weak. (Str -2) [potion of mutation]
 84417 | Geh:1    | Gained mutation: You tend to lose your temper in combat.
                  | [potion of mutation]
 84417 | Geh:1    | Gained mutation: Your magical capacity is low. (-10% MP)
                  | [potion of mutation]
 84417 | Geh:1    | Gained mutation: You are agile. (Dex +2) [potion of
                  | mutation]
 84417 | Geh:1    | Gained mutation: You are resistant to hostile enchantments.
                  | (MR+) [potion of mutation]
 84418 | Geh:1    | Lost mutation: You are agile. (Dex +2) [potion of mutation]
 84418 | Geh:1    | Lost mutation: You passively map a small area around you.
                  | [potion of mutation]
 84418 | Geh:1    | Lost mutation: You are frail. (-10% HP) [potion of
                  | mutation]
 84418 | Geh:1    | Gained mutation: Scrolls take you a little longer to read.
                  | [potion of mutation]
 84418 | Geh:1    | Lost mutation: Your spells are a little easier to cast, but
                  | a little less powerful. [potion of mutation]
 84418 | Geh:1    | Gained mutation: You are resistant to electric shocks.
                  | (rElec) [potion of mutation]
 84419 | Geh:1    | Lost mutation: Your magical capacity is low. (-10% MP)
                  | [potion of mutation]
 84419 | Geh:1    | Lost mutation: Scrolls take you a little longer to read.
                  | [potion of mutation]
 84419 | Geh:1    | Gained mutation: You are agile. (Dex +2) [potion of
                  | mutation]
 84863 | Geh:4    | Received a gift from Trog
 84978 | Geh:7    | Entered Level 7 of Gehenna
 85078 | Geh:7    | Received a gift from Trog
 85162 | Geh:7    | Identified the +7 sceptre of Asmodeus
 85162 | Geh:7    | Noticed Asmodeus
 85189 | Geh:7    | Killed Asmodeus
 85252 | Geh:7    | Got an obsidian rune of Zot
 85412 | Geh:1    | iamserjio: nah сети это одни из лучших вещей, чувствую сети
                  | в опасности покинуть нас
 85414 | Hell     | DEFE: нинужно
 85451 | Dis:1    | Entered Level 1 of the Iron City of Dis
 85602 | Dis:3    | You fall through a shaft for 2 floors!
 85840 | Dis:6    | Received a gift from Trog
 85952 | Dis:7    | Entered Level 7 of the Iron City of Dis
 85959 | Dis:7    | Goblin1989: а население и падает
 85990 | Dis:7    | Goblin1989: я же с сетками населения тоже работаю
 86037 | Dis:7    | iamserjio: люди нинужно
 86076 | Dis:7    | Goblin1989: лол
 86143 | Dis:7    | Goblin1989: лан, мне скоро выезжать уже
 86199 | Dis:7    | Goblin1989: заранее прощательное сообщение
 86251 | Dis:7    | Received a gift from Trog
 86345 | Dis:7    | Reached skill level 15 in Evocations
 86542 | Dis:7    | Identified the +4 staff of Dispater
 86542 | Dis:7    | Noticed Dispater
 86558 | Dis:7    | Killed Dispater
 86585 | Dis:7    | Received a gift from Trog
 86615 | Dis:7    | Got an iron rune of Zot
 86843 | Coc:1    | Entered Level 1 of Cocytus
 87157 | Coc:5    | Received a gift from Trog
 87237 | Coc:7    | Entered Level 7 of Cocytus
 87289 | Coc:7    | Noticed Antaeus
 87310 | Coc:7    | Killed Antaeus
 87474 | Coc:7    | Got an icy rune of Zot
 87964 | Tomb:1   | Entered Level 1 of the Tomb of the Ancients
 88325 | Tomb:1   | Received a gift from Trog
 88621 | Tomb:1   | Reached skill level 27 in Fighting
 89284 | Tomb:2   | Noticed a greater mummy
 89284 | Tomb:2   | Noticed an ancient lich
 89284 | Tomb:2   | Noticed a greater mummy
 89284 | Tomb:2   | Noticed a greater mummy
 89290 | Tomb:2   | Killed a greater mummy
 89669 | Tomb:2   | Killed an ancient lich
 89678 | Tomb:2   | Received a gift from Trog
 89696 | Tomb:2   | Killed a greater mummy
 89732 | Tomb:1   | iamserjio: на тп не проще зайти и в закрытую часть или
                  | просто комнату попасть
 89860 | Tomb:1   | iamserjio: и убивать практически ни кого не надо
 89860 | Tomb:1   | DEFE: не
 89860 | Tomb:1   | DEFE: тп мало
 89860 | Tomb:1   | iamserjio: к
 89860 | Tomb:1   | DEFE: может не хватить
 89860 | Tomb:1   | DEFE: да и опасно
 89860 | Tomb:1   | DEFE: слишком
 89861 | Tomb:1   | iamserjio: опасно lul
 90141 | Tomb:1   | DEFE: ну
 90141 | Tomb:1   | DEFE: лол
 90142 | Tomb:1   | iamserjio: 14 тп достаточно для меня Оо
 90146 | Tomb:2   | iamserjio: не обращай внимания XD
 90166 | Tomb:2   | Killed a greater mummy
 90724 | Tomb:2   | DEFE: вот теперь можно
 90758 | Tomb:2   | iamserjio: бульвар из зот рап
 90764 | Tomb:2   | iamserjio: сколько раз они нажали
 90770 | Tomb:2   | DEFE: раз 10
 90770 | Tomb:2   | DEFE: лол
 90778 | Tomb:3   | Entered Level 3 of the Tomb of the Ancients
 90792 | Tomb:3   | Received a gift from Trog
 90842 | Tomb:3   | Noticed a greater mummy
 90853 | Tomb:3   | Killed a greater mummy
 91267 | Tomb:3   | Noticed a greater mummy
 91268 | Tomb:3   | Noticed an ancient lich
 91273 | Tomb:3   | Killed a greater mummy
 91283 | Tomb:3   | Killed an ancient lich
 91288 | Tomb:3   | Reached skill level 27 in Armour
 91588 | Tomb:3   | Noticed a greater mummy
 91602 | Tomb:3   | Killed a greater mummy
 91780 | Tomb:3   | Found the ring of the Octopus King
 91786 | Tomb:3   | Got a smoking ivory amulet
 91787 | Tomb:3   | Identified the amulet "Elacseha" {Faith *Slow rElec Str+4}
                  | (You found it on level 3 of the Tomb of the Ancients)
 91801 | Tomb:3   | Got a twitching ivory amulet
 91802 | Tomb:3   | Identified the amulet of Lotir {Harm *Drain rN+ Str-4
                  | Dex+3} (You found it on level 3 of the Tomb of the
                  | Ancients)
 91848 | Tomb:3   | Identified the ring "Poff" {Ice rN+ Dex+3} (You found it on
                  | level 3 of the Tomb of the Ancients)
 91871 | Tomb:3   | Noticed a greater mummy
 91878 | Tomb:3   | Killed a greater mummy
 91885 | Tomb:3   | Noticed a greater mummy
 91901 | Tomb:3   | Killed a greater mummy
 92090 | Tomb:3   | Noticed a greater mummy
 92095 | Tomb:3   | Noticed a greater mummy
 92106 | Tomb:3   | Killed a greater mummy
 92118 | Tomb:3   | Killed a greater mummy
 92379 | Tomb:3   | Identified the +11 mace "Zaula" {flame, +Rage rPois rF+
                  | Int+2}
 92417 | Tomb:3   | Got a golden rune of Zot
 92423 | Tomb:3   | Noticed a greater mummy
 92428 | Tomb:3   | Killed a greater mummy
 92428 | Tomb:3   | Received a gift from Trog
 92705 | Tomb:1   | iamserjio: gj
 93195 | Slime:1  | Entered Level 1 of the Pits of Slime
 93196 | Slime:1  | DEFE: thx
 93196 | Slime:1  | DEFE: но еще не все
 93260 | Slime:1  | Gained mutation: You passively map a small area around you.
                  | [a shining eye]
 93268 | Slime:1  | Reached skill level 27 in Dodging
 93386 | Slime:4  | iamserjio: думп
 93416 | Slime:5  | Entered Level 5 of the Pits of Slime
 93444 | Slime:5  | Gained mutation: You often lose your temper in combat. [a
                  | shining eye]
 93541 | Slime:5  | Found a viscous altar of Jiyva.
 93607 | Slime:5  | Noticed the Royal Jelly
 93616 | Slime:5  | Killed the Royal Jelly
 93646 | Slime:5  | Gained mutation: You occasionally shout uncontrollably at
                  | your foes. [a shining eye]
 93683 | Slime:5  | Identified Iteakhit's Collected Works on the Shifting
                  | Entourage
 93707 | Slime:5  | Identified Saom's Compendium of Weightlessness and
                  | Dislocation
 93721 | Slime:5  | Got a slimy rune of Zot
 93738 | Slime:5  | Got a smoking ivory ring
 93739 | Slime:5  | Identified the ring of Qiremakh {rPois MP+9 EV+3 Str+5
                  | Dex-4} (You found it on level 5 of the Pits of Slime)
 94383 | Zot:5    | Noticed an ancient lich
 94409 | Zot:5    | Killed an ancient lich
 94434 | Zot:5    | Noticed an orb of fire
 94444 | Zot:5    | Killed an orb of fire
 94445 | Zot:5    | Noticed an ancient lich
 94449 | Zot:5    | Killed an ancient lich
 94450 | Zot:5    | Noticed an ancient lich
 94458 | Zot:5    | Noticed an ancient lich
 94461 | Zot:5    | Noticed an orb of fire
 94463 | Zot:5    | Killed an ancient lich
 94464 | Zot:5    | Gained mutation: You are weak. (Str -2) [an orb of fire]
 94465 | Zot:5    | Killed an orb of fire
 94468 | Zot:5    | Killed an ancient lich
 94489 | Zot:5    | Received a gift from Trog
 94667 | Zot:5    | Noticed an ancient lich
 94688 | Zot:5    | Killed an ancient lich
 94737 | Zot:5    | DEFE: клоуны конечно теперь шикарные
 95068 | Zot:5    | Noticed an orb of fire
 95225 | Zot:5    | Killed an orb of fire
 95284 | Zot:5    | Got the Orb of Zot
 95333 | Zot:5    | Noticed Peximad the pandemonium lord
 95338 | Zot:5    | Killed Peximad the pandemonium lord
 95437 | Zot:3    | Noticed Otolemug the pandemonium lord
 95441 | Zot:3    | iamserjio: как династ прокомментировал на реддите -
                  | гаммафанку стало скучно
 95463 | Zot:3    | Killed Otolemug the pandemonium lord
 95537 | Depths:5 | Noticed Muazuiz the pandemonium lord
 95554 | Depths:5 | iamserjio: гаммафанк это дев, они там в дискорде постоянно
                  | смотрят самые тупые смерти
 95558 | Depths:5 | Killed Muazuiz the pandemonium lord
 95570 | Depths:5 | iamserjio: с участием клоунов
 95598 | Depths:3 | DEFE: да я знаю что дев
 95804 | D:9      | DEFE: аж пиети просело
 95804 | D:9      | DEFE: от спама регеном
 95804 | D:9      | DEFE: лол
 95806 | D:9      | Noticed Xicoany the pandemonium lord
 95811 | D:9      | Killed Xicoany the pandemonium lord
 95851 | D:7      | Noticed Gimuno the pandemonium lord
 95869 | D:7      | Killed Gimuno the pandemonium lord
 95884 | D:7      | iamserjio: я когда на ходы играл be, так выше 4х * не
                  | поднималось
 95971 | D:$      | Escaped with the Orb!

Vault maps used:
D:1:      evilmike_arrival_hilbert_curve, skrybe_limestone_x, minmay_ruptured
D:2:      chequers_ecumenical_altar_simple_redux, first_ration
D:3:      chequers_temple_overflow_minitemple, nicolae_overflow_hidden_temple,
          uniq_robin, uniq_sigmund
D:4:      minmay_stone_trees_small, nicolae_qazlal_style_of_elements,
          uniq_eustachio
D:5:      ebering_ghost_disaster_area, uniq_pikel, uniq_edmund
D:6:      nicolae_ru_great_annihilating_truth, basic_altar,
          lexackson_kobold_supper
D:7:      minmay_temple_entry_statues_fountains
D:8:      special_room
D:9:      gammafunk_cloud_chamber, serial_shops, shop, uniq_maurice
D:10:     orc_david_3, serial_shops, shop_coins, hangedman_stone_soup
D:11:     david_lair_shrubbed, basic_altar
D:12:     minivault_16
D:13:     serial_shops, nicolae_shop_trees
D:14:     minmay_the_grid_triangle_9x9_recursive_3_mashed, erik_vaults_2,
          nicolae_trove_entry_free_sample
D:15:     grunt_enter_depths_hoard, lemuel_crystal_altar, basic_altar,
          gammafunk_ghost_crypt, serial_shops, nicolae_shop_behind_doors,
          nicolae_shop_statue_plus, shop_fountains, shop
Lair:1:   grunt_megastairs_5
Lair:2:   elwin_shoals_entry_rooms, minmay_snake_entry_six_corridors,
          grunt_forest_stairs_basic, minmay_lair_oklob_items, lemuel_fruit_tree
Lair:4:   serial_bayou_shore_b, uniq_kirke
Lair:5:   grunt_forest_small_clearings
Lair:6:   evilmike_catoblepas_cave, minmay_slime_entry_pillars, special_room,
          minmay_lindwurm_lava, serial_bayou_shore_b, uniq_sonja
Shoals:1: serial_shops, shop, gammafunk_ghost_tricky_traps
Shoals:2: nicolae_shoals_kraken_intersection, uniq_polyphemus, uniq_ilsuiw
Shoals:3: cheibrodos_shoals_epimethial_gifts, serial_shops, shop
Shoals:4: shoals_end_grunt_ice
Snake:1:  st_stairs_10, uniq_asterion, uniq_azrael
Snake:2:  drop_trap, uniq_vashnia, uniq_agnes
Snake:3:  minmay_shop_star
Snake:4:  minmay_snake_end_coiled, serial_shops, shop, nicolae_snake_single_loop
Slime:1:  cheibrodos_slime_lost_civilization_5
Slime:4:  cheibrodos_slime_lost_civilization_10, basic_altar
Orc:2:    st_orc_ogre_mass, special_room, statue_in_the_mist_lemuel, bloody_trog
Elf:1:    minmay_elf_demonology, nicolae_wwwww, corexii_leaking_fountain
Elf:2:    minmay_shoptagon, uniq_saint_roka
Elf:3:    grunt_elf_hall_diamonds, serial_shops, shop, uniq_nikola
Vaults:1: ontoclasm_vaults_water_temple, nicolae_vaults_little_ls,
          ontoclasm_vaults_ligature, ontoclasm_vaults_gateway,
          nicolae_vaults_little_squares_2, v_misc_2, v_alt_pattern_5,
          ontoclasm_vaults_spin, v_misc_23, vaults_dpeg_spiral,
          vaults_room_stairs_pillars, nicolae_vaults_theta,
          nicolae_vaults_network_star, v_misc_3, vaults_dpeg_ring
Vaults:2: nicolae_vaults_network_quinsquares, st_hourglassy,
          nicolae_vaults_triangles, v_misc_13, vaults_room_pools,
          vaults_room_grunt_arrival_ludios, v_misc_12, v_alt_pattern_3,
          v_misc_19, nicolae_vaults_rhombus_6, v_misc_32, v_misc_16,
          hangedman_vaults_slice
Vaults:3: vaults_mumra_chevron, v_misc_26, grunt_vaults_swirl,
          minmay_crypt_entry_simple_sparse, nicolae_vaults_little_squares_4,
          v_misc_2, hangedman_vaults_trim, v_pattern_3, vaults_dpeg_diagonal,
          v_alt_pattern_3, v_misc_18
Vaults:4: hangedman_vaults_capsules, nicolae_vaults_inception_statues,
          dpeg_vaults_monster_row, ontoclasm_vaults_fault,
          ontoclasm_vaults_hangar, nicolae_vaults_border_crossing, v_rooms_2
Vaults:5: uniq_xtahua
Crypt:1:  gammafunk_ghost_grave, lemuel_hellish_altar
Crypt:2:  gammafunk_ghost_cemetery
Crypt:3:  due_elkab
Tomb:1:   uniq_mennas
Depths:1: basic_altar, grunt_hell_entry_dis_mu, rand_demon_pan_entry_3,
          tso_metal_star
Depths:2: minmay_angry_zag, hell_entry, glass_columns_b, minmay_shop_grove,
          infiniplex_staircase_pool_2
Depths:3: minmay_two_paths, hell_entry, serial_rivers,
          chequers_serial_rivers_marsh, chequers_serial_rivers_small_3,
          chequers_serial_rivers_room_a, chequers_serial_rivers_room_b,
          rand_demon_pan_entry_9, uniq_margery, uniq_boris, uniq_frederick
Depths:4: kennysheep_large_spiral, abyss_entry_flame_altar, pf_coc_iceberg,
          evilmike_ruin_ashenzari, hangedman_decor_cross_pass
Depths:5: evilmike_zot_entry_round, ziggurat_fallback,
          muffindrake_ghost_three_little_ghosts, abyss_entry, roderic_lattice_a,
          hell_entry, grunt_pan_entry_spiral
Dis:7:    iron_city_of_dis
Geh:5:    lemuel_flamethrower_2
Geh:7:    evilmike_geh
Coc:7:    coc_old
Tar:5:    grunt_megastairs_3
Tar:6:    door_vault
Tar:7:    tar_minmay_river
Zot:2:    lemuel_draconian_sentries_small
Zot:4:    gammafunk_sealed_arena
Zot:5:    gammafunk_ghost_cemetery, skrybe_zot_glass_1
Abyss:3:  evilmike_nicolae_abyss_rune_betentacled_crabyss
Pan:      rand_demon_4, evilmike_mini_pan_pillars_b, evilmike_mini_pan_layers,
          lemuel_hall_of_pain, nicolae_pan_gloorx_vloqian_1,
          nicolae_pan_door_chamber, nicolae_pan_sigil_itan,
          nicolae_pan_mnolegish_1, evilmike_mini_pan_pillars,
          nicolae_pan_cerebovesque_1, mnoleg_grunt_wretched_star,
          uniq_mennas_pan, nicolae_pan_cerebovesque_2, nicolae_pan_sigil_itan,
          rand_demon_5, uniq_mennas_pan, lom_lobon_grunt_wind_tunnels,
          gloorx_vloq_grunt, grunt_pan_in_and_out, nicolae_pan_mnolegish_3,
          nicolae_pan_sigil_nadil, evilmike_mini_pan_T, nicolae_pan_mnolegish_4,
          evilmike_cerebov_lava, evilmike_mini_pan_pillars_b, uniq_ignacio,
          nicolae_pan_cerebovesque_3
Trove:    trove_jewel_2

Skill      XL: |  1  2  3  4  5  6  7  8  9 10 11 12 13 14 15 16 17 18 19 20 21 22 23 24 25 26 27 |
---------------+----------------------------------------------------------------------------------+-----
Polearms       | 3 4 5 7 8 9 11 14 16 18 20 22 24 26 27 | 27.0
Dodging        | 3 4 6 9 11 13 14 15 17 18 19 20 27 | 27.0
Armour         | 2 3 5 6 9 10 11 12 13 15 16 17 18 19 20 27 | 27.0
Fighting       | 7 11 13 14 15 17 18 19 20 27 | 27.0
Evocations     | 24 | 24.6
Stealth        | |  1.9

Action                   |  1- 3 |  4- 6 |  7- 9 | 10-12 | 13-15 | 16-18 | 19-21 | 22-24 | 25-27 || total
-------------------------+-------+-------+-------+-------+-------+-------+-------+-------+-------++-------
Melee: Spear             |    28 |       |       |       |       |       |       |       |       ||    28
       Short sword       |    75 |   121 |   711 |   300 |       |       |       |       |       ||  1207
       Dagger            |    15 |       |       |    26 |       |       |       |       |       ||    41
       Glaive            |       |       |       |     5 |       |       |       |       |       ||     5
       Bardiche          |       |       |       |   375 |   959 |   881 |   996 |  1165 |    94 ||  4470
       Kick              |       |       |       |       |   184 |   253 |   333 |   481 |  2502 ||  3753
       Scythe            |       |       |       |       |       |       |       |       |  7113 ||  7113
Invok: Berserk           |     1 |       |     4 |       |     1 |       |     4 |     7 |    30 ||    47
       Trog's Hand       |       |       |     2 |       |     4 |     2 |     7 |    12 |    88 ||   115
       Brothers in Arms  |       |       |       |       |     5 |     4 |     4 |       |       ||    13
 Abil: Evoke Berserk Rag |       |       |       |       |       |       |       |       |     1 ||     1
Evoke: Wand              |       |       |     2 |     4 |     8 |     4 |       |       |    14 ||    32
       Lamp of fire      |       |       |       |       |       |       |       |       |     1 ||     1
  Use: Scroll            |     3 |     2 |     2 |    14 |     9 |     7 |    14 |    16 |    79 ||   146
       Potion            |       |       |       |     1 |     6 |     1 |     1 |       |    59 ||    68
 Stab: Sleeping          |     4 |       |       |       |       |       |       |       |       ||     4
       Distracted        |       |       |     4 |     2 |     7 |     4 |    11 |    11 |    25 ||    64
       Confused          |       |       |       |     1 |     3 |       |       |       |     2 ||     6
       Petrified         |       |       |       |       |       |       |       |       |     5 ||     5
       Invisible         |       |       |       |       |       |       |       |       |    12 ||    12
       Petrifying        |       |       |       |       |       |       |       |       |     1 ||     1
  Eat: Chunk             |     1 |     1 |    13 |    13 |    16 |    10 |    13 |     5 |    10 ||    82
       Ration            |     1 |       |     4 |     4 |     7 |     7 |     8 |    12 |    56 ||    99
Armor: Robe              |    10 |       |       |       |       |       |       |       |       ||    10
       Scale mail        |    22 |    21 |       |       |       |       |       |       |       ||    43
       Crystal plate arm |       |    80 |   722 |   564 |   456 |       |       |       |       ||  1822
       Plate armour      |       |       |       |       |    92 |   233 |   235 |   250 |       ||   810
       Gold dragon scale |       |       |       |       |       |       |       |   148 |  1501 ||  1649
Dodge: Dodged            |    93 |    41 |   202 |   230 |   268 |   519 |   679 |   961 |  4633 ||  7626
       Deflected         |       |       |       |       |    17 |   103 |    78 |    45 |   112 ||   355

Table legend:
 A = Non-vault XP
 B = Vault XP
 C = Vault XP percentage of total XP
 D = Non-vault monster count
 E = Vault monster count
 F = Vault count percentage of total count
                 A         B        C        D         E       F
            +---------+---------+-------+---------+---------+-------
      Total | 1825758 | 1632491 |  47.2 |    2980 |    1437 |  32.5
            +---------+---------+-------+---------+---------+-------
        D:1 |      23 |       3 |  11.5 |      17 |       2 |  10.5
        D:2 |      32 |       2 |   5.9 |      12 |       1 |   7.7
        D:3 |     169 |     258 |  60.4 |      30 |      12 |  28.6
        D:4 |     386 |     200 |  34.1 |      21 |       1 |   4.5
        D:5 |     630 |    1142 |  64.4 |      26 |       3 |  10.3
        D:6 |     779 |     146 |  15.8 |      35 |      12 |  25.5
        D:7 |     604 |       0 |   0.0 |      21 |       0 |   0.0
        D:8 |     708 |     112 |  13.7 |      20 |      24 |  54.5
        D:9 |    2328 |     273 |  10.5 |      24 |       1 |   4.0
       D:10 |    1370 |     832 |  37.8 |      21 |       8 |  27.6
       D:11 |    5997 |     199 |   3.2 |      42 |       1 |   2.3
       D:12 |   10167 |       0 |   0.0 |      58 |       0 |   0.0
       D:13 |    8818 |       0 |   0.0 |      34 |       0 |   0.0
       D:14 |    7145 |   14496 |  67.0 |      26 |      26 |  50.0
       D:15 |    2150 |    8674 |  80.1 |      11 |       7 |  38.9
     Lair:1 |    8947 |     546 |   5.8 |      43 |       7 |  14.0
     Lair:2 |    4323 |    4394 |  50.4 |      20 |      19 |  48.7
     Lair:3 |    1358 |       0 |   0.0 |       9 |       0 |   0.0
     Lair:4 |    1465 |    1519 |  50.9 |       9 |       2 |  18.2
     Lair:5 |    8962 |       0 |   0.0 |      31 |       0 |   0.0
     Lair:6 |    9800 |   19443 |  66.5 |      36 |      58 |  61.7
   Shoals:1 |   13094 |    5821 |  30.8 |      38 |      11 |  22.4
   Shoals:2 |   11094 |   11575 |  51.1 |      27 |      10 |  27.0
   Shoals:3 |   18171 |    7644 |  29.6 |      38 |      10 |  20.8
   Shoals:4 |   17302 |   20535 |  54.3 |      34 |      36 |  51.4
    Snake:1 |   14085 |    3806 |  21.3 |      36 |      11 |  23.4
    Snake:2 |    3507 |    8904 |  71.7 |       8 |       7 |  46.7
    Snake:3 |   15130 |       0 |   0.0 |      26 |       0 |   0.0
    Snake:4 |   25056 |   22360 |  47.2 |      59 |      38 |  39.2
    Slime:1 |    7450 |       0 |   0.0 |       8 |       0 |   0.0
    Slime:2 |    3681 |       0 |   0.0 |       8 |       0 |   0.0
    Slime:4 |    4262 |       0 |   0.0 |       5 |       0 |   0.0
    Slime:5 |   13865 |   33126 |  70.5 |      30 |      14 |  31.8
      Orc:1 |    5838 |       0 |   0.0 |      64 |       0 |   0.0
      Orc:2 |    3978 |   15759 |  79.8 |      39 |      41 |  51.2
      Elf:1 |   15060 |    4591 |  23.4 |      22 |       7 |  24.1
      Elf:2 |   13639 |    8722 |  39.0 |      20 |      12 |  37.5
      Elf:3 |   26888 |   25980 |  49.1 |      47 |      19 |  28.8
   Vaults:1 |   19252 |   15755 |  45.0 |      30 |      29 |  49.2
   Vaults:2 |   13296 |   38637 |  74.4 |      32 |      52 |  61.9
   Vaults:3 |   33552 |   23162 |  40.8 |      53 |      36 |  40.4
   Vaults:4 |   36525 |   29702 |  44.8 |      47 |      41 |  46.6
   Vaults:5 |   57165 |  136854 |  70.5 |      70 |      90 |  56.2
    Crypt:1 |   13655 |    5048 |  27.0 |      21 |       1 |   4.5
    Crypt:2 |   17576 |   21931 |  55.5 |      24 |       4 |  14.3
    Crypt:3 |   19805 |   42567 |  68.2 |      24 |      62 |  72.1
     Tomb:1 |   17448 |   30570 |  63.7 |      34 |      34 |  50.0
     Tomb:2 |   16137 |   71309 |  81.5 |      41 |      68 |  62.4
     Tomb:3 |   12175 |   86713 |  87.7 |      21 |      65 |  75.6
   Depths:1 |   37737 |    4156 |   9.9 |      57 |       6 |   9.5
   Depths:2 |   44105 |    2858 |   6.1 |      64 |       4 |   5.9
   Depths:3 |   35495 |   41563 |  53.9 |      44 |      27 |  38.0
   Depths:4 |   27116 |   26689 |  49.6 |      36 |      11 |  23.4
   Depths:5 |   37401 |   53007 |  58.6 |      42 |      39 |  48.1
       Hell |   15423 |   37814 |  71.0 |      17 |      65 |  79.3
      Dis:1 |    3462 |       0 |   0.0 |       7 |       0 |   0.0
      Dis:3 |    4096 |       0 |   0.0 |       6 |       0 |   0.0
      Dis:5 |     893 |       0 |   0.0 |       2 |       0 |   0.0
      Dis:6 |   23034 |       0 |   0.0 |      30 |       0 |   0.0
      Dis:7 |   53483 |   84206 |  61.2 |      54 |      63 |  53.8
      Geh:1 |    9418 |       0 |   0.0 |      18 |       0 |   0.0
      Geh:2 |     770 |       0 |   0.0 |       2 |       0 |   0.0
      Geh:4 |   30103 |       0 |   0.0 |      44 |       0 |   0.0
      Geh:6 |    2824 |       0 |   0.0 |      17 |       0 |   0.0
      Geh:7 |   10357 |   41690 |  80.1 |      30 |      22 |  42.3
      Coc:1 |     209 |       0 |   0.0 |       1 |       0 |   0.0
      Coc:2 |   16333 |       0 |   0.0 |      33 |       0 |   0.0
      Coc:3 |    1678 |       0 |   0.0 |       7 |       0 |   0.0
      Coc:4 |    6758 |       0 |   0.0 |      15 |       0 |   0.0
      Coc:5 |   23040 |       0 |   0.0 |      14 |       0 |   0.0
      Coc:6 |    2888 |       0 |   0.0 |       5 |       0 |   0.0
      Coc:7 |    5506 |   29912 |  84.5 |       9 |      11 |  55.0
      Tar:1 |   36002 |       0 |   0.0 |      36 |       0 |   0.0
      Tar:2 |   65260 |       0 |   0.0 |      69 |       0 |   0.0
      Tar:3 |   41834 |       0 |   0.0 |      45 |       0 |   0.0
      Tar:4 |   50985 |       0 |   0.0 |      55 |       0 |   0.0
      Tar:5 |   19704 |    2223 |  10.1 |      21 |       3 |  12.5
      Tar:6 |   37830 |       0 |   0.0 |      37 |       0 |   0.0
      Tar:7 |   15795 |   54490 |  77.5 |      27 |      24 |  47.1
      Zot:1 |   39457 |       0 |   0.0 |      25 |       0 |   0.0
      Zot:2 |   44935 |    6417 |  12.5 |      35 |       4 |  10.3
      Zot:3 |   51178 |       0 |   0.0 |      32 |       0 |   0.0
      Zot:4 |   27463 |   12941 |  32.0 |      21 |       9 |  30.0
      Zot:5 |   50888 |  185541 |  78.5 |      23 |      46 |  66.7
    Abyss:1 |   15886 |       0 |   0.0 |      22 |       0 |   0.0
    Abyss:2 |   25648 |       0 |   0.0 |      45 |       0 |   0.0
    Abyss:3 |   48406 |   21862 |  31.1 |      81 |      21 |  20.6
        Pan |  317511 |  303812 |  48.9 |     400 |     200 |  33.3
            +---------+---------+-------+---------+---------+-------
